 Dungeon Crawl Stone Soup version 0.23-a0-584-g44dd78f (webtiles) character file.

506736 tidbits the Epochal (level 23, -1/235 HPs)
             Began as a Gnoll Summoner on Dec 12, 2018.
             Was an Elder of Cheibriados.
             Killed by divine providence
             ... invoked by a greater mummy
              (13 damage)
             ... on level 2 of the Tomb of the Ancients on Dec 17, 2018.
             The game lasted 04:19:43 (13689 turns).

tidbits the Epochal (Gnoll Summoner)               Turns: 13689, Time: 04:19:44

Health: -1/235     AC: 33    Str: 20 (23) XL:     23   Next: 82%
Magic:  18/51      EV: 26    Int: 43 (44) God:    Cheibriados [****..]
Gold:   1741       SH: 23    Dex: 21 (25) Spells: 3/53 levels left

rFire    + + .     SeeInvis +   a - +7 demon trident (freeze)
rCold    + + .     Gourm    .   D - +2 shield of Resistance {rF+ rC+ MR+}
rNeg     + + .     Faith    .   (armour currently unavailable)
rPois    ∞         Spirit   .   E - +2 hat
rElec    +         Reflect  +   C - scarf {rC+ rF+}
rCorr    .         Harm     .   (gloves currently unavailable)
MR       ++...                  (boots currently unavailable)
Stlth    ++++++....             k - amulet "Nawozim" {Reflect Str+4 SH+2}
HPRegen  1.49/turn              T - ring of Demons {rElec rN+ Int+4}
MPRegen  0.32/turn              n - ring "Tadon" {MP+9 SInv}

@: brilliant, statue-form, death's door cooldown, regenerating, very slow
A: distributed training, fangs 2, large bone plates 1, weak 1, evolution 1,
strong nose
}: 6/15 runes: serpentine, barnacled, slimy, silver, golden, abyssal
a: End Transformation, Bend Time, Temporal Distortion, Slouch, Renounce Religion


You were on level 2 of the Tomb of the Ancients.
You worshipped Cheibriados.
Cheibriados was greatly pleased with you.
You were very full.
You were a stone statue.
You visited 10 branches of the dungeon, and saw 48 of its levels.
You visited the Abyss 1 time.
You also visited: Ossuary and Gauntlet.

You collected 4019 gold pieces.
You spent 2278 gold pieces at shops.

Inventory:

Hand Weapons
 a - a +7 demon trident of freezing (weapon)
   (You took it off a merfolk impaler on level 4 of the Shoals)
 X - a +1 vampiric broad axe
   (You took it off Asterion on level 1 of the Snake Pit)
Missiles
 f - 474 arrows
 s - 17 javelins of penetration
 W - 8 throwing nets {!f}
 Y - 5 tomahawks of returning (quivered)
Armour
 w - a +2 cloak of magic resistance
   (You bought it in a shop on level 2 of the Snake Pit)
 B - the +3 ring mail "Vyneivut" (melded) {Str+5}
   (You found it on level 11 of the Dungeon)

   It affects your strength (+5).
 C - a scarf of resistance (worn)
   (You found it on level 4 of the Dungeon)
 D - the +2 shield of Resistance (worn) {rF+ rC+ MR+}
   (You found it on level 5 of the Vaults)

   It protects you from fire.
   It protects you from cold.
   It affects your resistance to hostile enchantments.
 E - a +2 hat (worn)
 F - a +2 pair of boots (melded)
Magical Staves
 e - an uncursed staff of energy {!a}
   (You found it on level 5 of the Pits of Slime)
Jewellery
 i - an uncursed ring of resist corrosion
   (You found it on level 3 of the Tomb of the Ancients)
 k - the amulet "Nawozim" (around neck) {Reflect Str+4 SH+2}
   (You found it in a Gauntlet)

   [amulet of reflection]

   It shields you and reflects attacks.
   It affects your strength (+4).
   It affects your SH (+2).
 n - the ring "Tadon" (right hand) {MP+9 SInv}
   (You found it on level 5 of the Vaults)

   [ring of magical power]

   It affects your magic capacity (+9).
   It lets you see invisible.
 z - an uncursed ring of protection from fire
   (You found it on level 1 of the Lair of Beasts)
 L - an uncursed ring of flight
   (You bought it in a shop on level 1 of the Shoals)
 T - the ring of Demons (left hand) {rElec rN+ Int+4}
   (You took it off a vault sentinel on level 5 of the Vaults)

   [ring of intelligence]

   It affects your intelligence (+4).
   It insulates you from electricity.
   It protects you from negative energy.
Wands
 p - a wand of paralysis (10)
 q - a wand of acid (30)
 u - a wand of clouds (3)
 J - a wand of iceblast (24)
 V - a wand of digging (2)
Scrolls
 b - 4 scrolls of fear
 g - a scroll of blinking
 h - 2 scrolls of summoning
 m - 6 scrolls of fog
 r - 22 scrolls of remove curse
 t - 2 scrolls of teleportation
 x - a scroll of immolation
 I - 3 scrolls of magic mapping
Potions
 l - 3 potions of might
 v - 2 potions of brilliance
 y - 2 potions of mutation {!q}
 A - 13 potions of curing
 H - 5 potions of agility
 K - 2 potions of invisibility
 M - 2 potions of heal wounds
 O - 2 potions of cancellation
 P - 4 potions of ambrosia
 S - 4 potions of resistance
 Z - 6 potions of flight
Miscellaneous
 d - a lamp of fire
 j - a sack of spiders
 o - a lightning rod (4/4)
 G - a phial of floods
 Q - 6 phantom mirrors
 R - a figurine of a ziggurat
 U - a box of beasts
Comestibles
 c - 38 rations


   Skills:
 + Level 15.1 Fighting
 + Level 15.1 Short Blades
 + Level 15.1 Long Blades
 + Level 15.1 Axes
 + Level 15.1 Maces & Flails
 + Level 15.1 Polearms
 + Level 15.1 Staves
 + Level 15.1 Slings
 + Level 15.1 Bows
 + Level 15.1 Crossbows
 + Level 15.1 Throwing
 + Level 15.1 Armour
 + Level 15.6 Dodging
 + Level 15.6 Stealth
 + Level 15.1 Shields
 + Level 15.1 Unarmed Combat
 + Level 15.7 Spellcasting
 + Level 13.0 Conjurations
 + Level 13.0 Hexes
 + Level 13.0 Charms
 + Level 14.5 Summonings
 + Level 13.0 Necromancy
 + Level 13.0 Translocations
 + Level 13.0 Transmutations
 + Level 13.0 Fire Magic
 + Level 13.0 Ice Magic
 + Level 13.0 Air Magic
 + Level 13.0 Earth Magic
 + Level 13.0 Poison Magic
 + Level 16.3 Invocations
 + Level 15.1 Evocations


You had 3 spell levels left.
You knew the following spells:

 Your Spells              Type           Power        Failure   Level  Hunger
a - Aura of Abjuration    Summ           ########..   1%          5    None
b - Blink                 Tloc           N/A          0%          2    None
g - Passage of Golubria   Tloc           N/A          1%          4    None
k - Sticks to Snakes      Tmut           ########     0%          2    None
n - Animate Skeleton      Necr           N/A          0%          1    None
p - Passwall              Tmut/Erth      ########     0%          2    None
r - Regeneration          Chrm/Necr      ########..   0%          3    None
s - Statue Form           Tmut/Erth      ########.    1%          6    None
v - Borgnjor's Vile Clut  Necr/Erth      ########..   1%          5    None
w - Spectral Weapon       Hex/Chrm       ########     0%          3    None
A - Apportation           Tloc           ######       0%          1    None
L - Summon Lightning Spi  Summ/Air       ########     1%          4    None
N - Animate Dead          Necr           N/A          1%          4    None
O - Death's Door          Chrm/Necr      ########..   3%          8    ####...

Your spell library contained the following spells:

 Spells                   Type           Power        Failure   Level  Hunger
 Beastly Appendage        Tmut           ######       0%          1    None
 Corona                   Hex            #######      0%          1    None
 Flame Tongue             Conj/Fire      #####        0%          1    None
 Infusion                 Chrm           ####         0%          1    None
 Magic Dart               Conj           ####         0%          1    None
 Pain                     Necr           ####         0%          1    None
 Sandblast                Erth           ######       0%          1    None
 Shock                    Conj/Air       ####         0%          1    None
 Summon Butterflies       Summ           ########     0%          1    None
 Summon Small Mammal      Summ           ####         0%          1    None
 Call Imp                 Summ           ########     0%          2    None
 Corpse Rot               Necr           N/A          0%          2    None
 Ensorcelled Hibernation  Hex/Ice        ######       0%          2    None
 Poisonous Vapours        Pois/Air       ######       0%          2    None
 Shroud of Golubria       Chrm/Tloc      ########..   0%          2    None
 Slow                     Hex            ########     0%          2    None
 Song of Slaying          Chrm           ########     0%          2    None
 Sublimation of Blood     Necr           ########..   0%          2    None
 Swiftness                Chrm/Air       ########     0%          2    None
 Throw Frost              Conj/Ice       ######       0%          2    None
 Call Canine Familiar     Summ           ########     0%          3    None
 Conjure Flame            Conj/Fire      ########     0%          3    None
 Dazzling Spray           Conj/Hex       ######       0%          3    None
 Ignite Poison            Fire/Tmut/Pois ########     0%          3    None
 Inner Flame              Hex/Fire       ########     0%          3    None
 Lesser Beckoning         Tloc           ########..   0%          3    None
 Mephitic Cloud           Conj/Pois/Air  ########     0%          3    None
 Portal Projectile        Hex/Tloc       ######       0%          3    None
 Recall                   Summ/Tloc      N/A          0%          3    None
 Spider Form              Tmut/Pois      ########..   0%          3    None
 Stone Arrow              Conj/Erth      ######       0%          3    None
 Summon Guardian Golem    Hex/Summ       ########     0%          3    None
 Tukima's Dance           Hex            ########     0%          3    None
 Vampiric Draining        Necr           ########..   0%          3    None
 Cause Fear               Hex            ########..   1%          4    None
 Force Lance              Conj/Tloc      ########     1%          4    None
 Fulminant Prism          Conj/Hex       ########..   1%          4    None
 Ice Form                 Ice/Tmut       ########     1%          4    None
 Iskenderun's Mystic Bla  Conj           ########     1%          4    None
 Leda's Liquefaction      Hex/Erth       ########..   1%          4    None
 Olgreb's Toxic Radiance  Pois           ########     1%          4    None
 Sticky Flame             Conj/Fire      ########     1%          4    None
 Summon Ice Beast         Ice/Summ       ########     1%          4    None
 Alistair's Intoxication  Tmut/Pois      ########     1%          5    None
 Blade Hands              Tmut           ########..   1%          5    None
 Bolt of Magma            Conj/Fire/Erth ########..   1%          5    None
 Excruciating Wounds      Chrm/Necr      ########..   1%          5    None
 Lee's Rapid Deconstruct  Erth           ########..   1%          5    None
 Lightning Bolt           Conj/Air       ########..   1%          5    None
 Metabolic Englaciation   Hex/Ice        ########..   1%          5    None
 Silence                  Hex/Air        ########..   1%          5    None
 Summon Forest            Summ/Tloc      ########..   1%          5    None
 Venom Bolt               Conj/Pois      ########..   1%          5    None
 Yara's Violent Unravell  Hex/Tmut       ########..   1%          5    None
 Bolt of Cold             Conj/Ice       ########..   1%          6    None
 Bolt of Fire             Conj/Fire      ########..   1%          6    None
 Darkness                 Hex            ########..   1%          6    None
 Death Channel            Necr           ########..   1%          6    None
 Deflect Missiles         Chrm/Air       ########..   1%          6    None
 Freezing Cloud           Conj/Ice/Air   ########..   1%          6    None
 Hydra Form               Tmut           ########..   1%          6    None
 Invisibility             Hex            ########     1%          6    None
 Ozocubu's Refrigeration  Ice            ########..   1%          6    None
 Poison Arrow             Conj/Pois      ########..   1%          6    None
 Shadow Creatures         Summ           N/A          1%          6    None
 Simulacrum               Ice/Necr       ########..   1%          6    None
 Haunt                    Necr/Summ      ########..   1%          7    ##.....
 Malign Gateway           Summ/Tloc      ########..   1%          7    ##.....
 Monstrous Menagerie      Summ           ########..   1%          7    ##.....
 Ring of Flames           Chrm/Fire      ########..   1%          7    ##.....
 Summon Greater Demon     Summ           ########..   1%          7    ##.....
 Summon Hydra             Summ           ########..   1%          7    ##.....
 Summon Horrible Things   Summ           ########..   1%          8    ####...
 Borgnjor's Revivificati  Necr           ########..   3%          8    ####...
 Chain Lightning          Conj/Air       ########..   3%          8    ####...
 Discord                  Hex            ########..   3%          8    ####...
 Infestation              Necr           ########..   3%          8    ####...
 Lehudib's Crystal Spear  Conj/Erth      ########..   3%          8    ####...
 Necromutation            Tmut/Necr      ########..   3%          8    ####...
 Fire Storm               Conj/Fire      ########..   34%         9    ######.
 Glaciate                 Conj/Ice       ########..   34%         9    ######.


Dungeon Overview and Level Annotations

Branches:
Dungeon (15/15)            Temple (1/1) D:4            Lair (6/6) D:11
 Shoals (4/4) Lair:4        Snake (4/4) Lair:4        Slime (5/5) Lair:6
    Orc (2/2) D:10            Elf (0/3) Orc:2        Vaults (5/5) D:14
  Crypt (3/3) Vaults:2       Tomb (3/3) Crypt:3
 Depths: D:15

Altars:
Cheibriados
Dithmenos
Elyvilon
Fedhas
Gozag
Hepliaklqana
Kikubaaqudgha
Makhleb
Okawaru
Qazlal
Ru
Sif Muna
Trog
Uskayaw
Vehumet
Wu Jian
Xom
Yredelemnul
Zin
The Shining One
Beogh
Jiyva

Shops:
Orc:2 (:*(   Shoals:1 *   Snake:2 *   Vaults:5 !

Annotations:
D:2 exclusions: 2 adders, 3 gnolls and hobgoblin, Sigmund
D:10 exclusion: hydra
Lair:3 exclusion: death yak


Innate Abilities, Weirdness & Mutations

Your experience applies equally to all skills.
You have extremely sharp teeth.
Your uncanny sense of smell can sniff out nearby items.
You are partially covered in large bone plates. (SH +4)
((You are partially covered in yellow scales. (AC +2)))
You are weak. (Str -2)
You evolve.


Message History

The mummy explodes!
The fiery explosion engulfs the shadow wraith.
The shadow wraith is severely damaged.
The fiery explosion engulfs the mummy priest.
The mummy priest is almost destroyed.
The fiery explosion engulfs the four-headed hydra simulacrum.
The four-headed hydra simulacrum melts!
The four-headed hydra simulacrum vapourises!
The fiery explosion engulfs the guardian mummy.
The guardian mummy explodes!
The fiery explosion engulfs the mummy priest.
The mummy priest explodes!
You hear a sizzling sound!
The fiery explosion engulfs the shadow wraith.
The shadow wraith is almost destroyed.
The fiery explosion engulfs the flayed ghost.
You destroy the flayed ghost!
Cheibriados thoroughly appreciates the change of pace.
You feel extremely nervous for a moment...
Something reaches out for you...
The mummy disappears in a puff of smoke!
The shadow wraith disappears in a puff of smoke!
The shadow disappears in a puff of smoke! x2
The alligator simulacrum disappears in a puff of smoke!
The mummy disappears in a puff of smoke!
The fiery explosion engulfs the hellwing.
You kill the hellwing!
The fiery explosion engulfs you! You resist.
Cheibriados appreciates the change of pace.
You feel extremely nervous for a moment...
Nothing appears to happen.
Cheibriados appreciates the change of pace.
The fiery explosion engulfs the freezing wraith.
The freezing wraith is burned terribly!
You destroy the freezing wraith!
The fiery explosion engulfs you! You resist.
The fiery explosion engulfs the greater mummy.
The greater mummy is moderately damaged.
The fiery explosion engulfs the flayed ghost.
The flayed ghost is heavily damaged.
Cheibriados appreciates the change of pace.
You destroy the shadow wraith!
You destroy the wraith!
The mummy explodes!
The fiery explosion engulfs the vampire.
You destroy the vampire!
The fiery explosion engulfs the greater mummy.
The greater mummy is heavily damaged.
The fiery explosion engulfs the flayed ghost.
The flayed ghost is almost destroyed.
The fiery explosion engulfs the snapping turtle simulacrum.
The snapping turtle simulacrum melts!
The snapping turtle simulacrum vapourises!
Cheibriados appreciates the change of pace.
The mummy priest explodes!
The fiery explosion engulfs the ufetubus.
The ufetubus is burned terribly!
You kill the ufetubus!
The fiery explosion engulfs the greater mummy.
The greater mummy is almost destroyed.
The fiery explosion engulfs the guardian mummy.
The guardian mummy explodes!
The fiery explosion engulfs the mummy.
The mummy is burned terribly!
The mummy explodes!
The fiery explosion engulfs the ynoxinul.
You kill the ynoxinul!
The ufetubus disappears in a puff of smoke! x3
Cheibriados appreciates the change of pace.
The fiery explosion engulfs the guardian mummy.
The guardian mummy explodes!
The fiery explosion engulfs the freezing wraith.
The freezing wraith is burned terribly!
You destroy the freezing wraith!
The fiery explosion engulfs you! You resist.
The fiery explosion engulfs the greater mummy.
The greater mummy is heavily damaged.
Cheibriados appreciates the change of pace.
You feel extremely nervous for a moment...
You shiver with cold.
The fiery explosion engulfs you! You resist.
Cheibriados thoroughly appreciates the change of pace.
Cheibriados raises the support of your attributes as your movement slows.
You feel extremely nervous for a moment...
Nothing appears to happen.
Cheibriados appreciates the change of pace.
You feel extremely nervous for a moment...
You feel weakened.
You destroy the flayed ghost!
You destroy the mummy!
Cheibriados appreciates the change of pace.
You destroy the mummy!
Cheibriados thoroughly appreciates the change of pace.
You kill the ynoxinul!
You kill the sixfirhy!
You feel somewhat less full.
Cheibriados lowers the support of your attributes as your movement quickens.
You are engulfed in blazing flames.
You resist.
Your life is in your own hands again!
The flayed ghost disappears in a puff of smoke!
The greater mummy is engulfed in blazing flames.
The greater mummy completely misses you.
The greater mummy is struck by lightning.
The greater mummy casts a spell at you. Something smites you!
You die...

........... ........#
##.......##........(# '#
##.......##.........#M..
..†s..^......#......#..
..[..........##§.§..'.
.ZZ.Ms........#.§...#^
...........$.§§§§§§§#..
..§?..M...§§.§§§§§§§######
MMZM.......§§M§§8M§§#...>#
..§......M§§§§§§§§.V#..ZZ#
##W......##Z§§§§§§3Z#...^#
##Z§.....##§s.§§§...#....#
...§§Z.Z.Z§§§§§.....#..^.#
..WW§M..§..sM...##..#..^.#
...§§sW....s..### ..#.^..#
....§WM##.....# ..#....#
...§§§##......... #....#


You could see 3 greater mummies, 3 emperor scorpions, a mummy priest, a soul
eater, a vampire, a mummy, a quicksilver dragon simulacrum, a stone giant
skeleton and a fire giant skeleton (inner flame).

Vanquished Creatures
  5 ancient liches
  Khufu (Tomb:3)
  10 greater mummies
  Vashnia (Snake:4)
  A bone dragon (Crypt:3)
  A golden dragon (Vaults:5)
  7 liches
  A tentacled monstrosity (Vaults:5)
  Asterion (Snake:1)
  3 titans (Vaults:5)
  8 acid blobs
  An Executioner (Abyss:4)
  8 ancient champions
  Gastronok (Lair:2)
  5 shadow dragons (Vaults:5)
  6 sphinxes
  Roxanne (Snake:1)
  A storm dragon (Vaults:5)
  6 tengu reavers (Vaults:5)
  5 nagarajas (Snake:4)
  5 azure jellies
  2 iron dragons (Vaults:5)
  A fire giant (Vaults:5)
  A deep elf sorcerer (Vaults:5)
  3 curse skulls
  9 vault wardens
  2 ghouls (Crypt:2)
  7 ironheart preservers
  2 war gargoyles (Vaults:5)
  A juggernaut skeleton (Crypt:2)
  2 vampire knights (Crypt:3)
  4 bennus
  3 deep elf annihilators
  3 eidola
  A deep elf demonologist (Vaults:3)
  A minotaur (Gauntlet)
  A deep elf death mage (Crypt:3)
  7 merfolk javelineers (Shoals:4)
  The ghost of Inarius the Cleaver, a journeyman HuCK of Xom (D:12)
  A quicksilver dragon zombie (Crypt:2)
  2 death oozes
  4 fire dragons
  3 ettins (Vaults:5)
  21 mummy priests
  3 merfolk impalers
  A deep elf high priest (Vaults:5)
  2 jiangshi (Crypt:2)
  5 yaktaur captains
  3 great orbs of eyes
  9 ogre magi
  9 naga warriors
  Erolcha (D:13)
  30 vault guards
  2 ice dragons
  2 merfolk aquamancers
  A centaur warrior (D:13)
  3 hydras
  7 anacondas
  47 death scarabs
  3 death knights
  An alligator snapping turtle (Shoals:4)
  3 death yaks (Lair:2)
  4 orc high priests
  22 two-headed ogres
  A shock serpent (shapeshifter) (Vaults:5)
  2 vampire magi (Crypt:2)
  A titan zombie (Tomb:3)
  2 soul eaters
  11 naga sharpshooters
  3 deep elf knights
  3 shock serpents (Snake:2)
  24 skeletal warriors
  4 flayed ghosts
  3 deep trolls (Vaults:5)
  A shadow wraith (Vaults:5)
  10 sea snakes
  3 golden dragon skeletons
  2 starcursed masses (Abyss:4)
  A kraken simulacrum (Shoals:4)
  2 naga ritualists (Snake:3)
  3 necromancers
  3 wizards (D:14)
  A ghost moth zombie (Crypt:2)
  6 mana vipers
  A harpy (Shoals:1)
  An orc knight (Vaults:2)
  3 deep elf archers
  An anaconda skeleton (Tomb:3)
  17 deep elf magi
  4 ironbrand convokers
  2 phantasmal warriors
  2 wolf spider zombies
  A stone giant zombie (Tomb:3)
  A lindwurm (Lair:6)
  An iron dragon zombie (Crypt:3)
  2 frost giant zombies
  13 ugly things
  An orc sorcerer (Vaults:4)
  8 manticores
  A worldbinder (Gauntlet)
  2 salamanders (Snake:3)
  2 frost giant skeletons
  10 naga magi
  4 water nymphs
  6 merfolk sirens
  4 guardian serpents (Snake:4)
  6 vault sentinels
  A fire giant skeleton (Tomb:2)
  22 black mambas
  A black mamba (shapeshifter) (Vaults:2)
  An eye of devastation (Abyss:3)
  5 torpor snails (Lair:6)
  5 rime drakes
  A minotaur zombie (Gauntlet)
  6 spiny frogs
  6 komodo dragons
  An anaconda simulacrum (Crypt:2)
  2 freezing wraiths
  An emperor scorpion zombie (Crypt:1)
  2 kobold demonologists (D:13)
  5 yaktaurs
  39 guardian mummies
  A harpy zombie (Tomb:1)
  23 merfolk
  2 trolls (shapeshifter) (Vaults:5)
  4 trolls
  A pale draconian skeleton (Crypt:1)
  Prince Ribbit (D:6)
  4 tyrant leeches (Lair:6)
  4 wind drakes
  18 slime creatures
  A wind drake (shapeshifter) (Vaults:5)
  10 hornets
  14 blink frogs
  2 dream sheep (Lair:6)
  A small abomination (Abyss:4)
  5 snapping turtles
  A bog body (Crypt:2)
  A guardian serpent skeleton (Crypt:1)
  5 hippogriffs
  8 flying skulls
  A tarantella (shapeshifter) (Vaults:5)
  3 wyverns
  A satyr skeleton (Crypt:3)
  2 vampires (D:14)
  2 shadows
  2 fire elementals (D:13)
  18 ushabtiu
  5 water elementals
  9 wraiths
  19 humans (D:14)
  9 yaks
  8 fire bats (Abyss:4)
  A hungry ghost (D:12)
  2 basilisks (Lair:6)
  4 golden eyes (Slime:2)
  5 chaos spawn (Abyss:4)
  2 vampire mosquitoes (D:13)
  3 soldier ants
  23 nagas
  8 wargs
  8 water moccasins
  2 hell hounds (D:13)
  12 porcupines
  18 orc warriors
  A slave (D:8)
  A meliai simulacrum (D:13)
  A hornet zombie (D:13)
  A phantom (D:11)
  2 sky beasts
  3 eyes of draining
  An eye of draining (shapeshifter) (Vaults:2)
  A snapping turtle zombie (Tomb:1)
  A black bear (D:6)
  15 ogres
  5 ice beasts
  10 boggarts
  4 wolves
  A swamp dragon skeleton (Crypt:2)
  2 centaurs
  4 crocodiles
  An orc skeleton (Vaults:1)
  4 big kobolds (D:13)
  6 bullfrogs
  A troll zombie (D:10)
  A spriggan skeleton (Crypt:3)
  6 killer bees (D:11)
  2 wights (D:11)
  4 electric eels
  2 howler monkeys (D:9)
  3 centaur zombies
  A crimson imp (D:14)
  5 jellies
  A hound (D:8)
  19 orc priests
  19 orc wizards
  2 centaur skeletons
  6 worker ants
  A crocodile zombie (Crypt:3)
  6 ogre zombies
  An acid dragon zombie (Crypt:2)
  A dwarf skeleton (Crypt:2)
  46 mummies
  A gnoll (D:6)
  10 adders
  A shadow imp (D:13)
  An ufetubus (D:13)
  3 adder zombies (Ossuary)
  An adder skeleton (D:7)
  A lava snake skeleton (Crypt:3)
  A worm (D:3)
  A barachi zombie (Crypt:2)
  A dart slug (D:3)
  2 leopard geckos
  41 orcs
  6 bats
  A giant cockroach (D:8)
  A goblin (D:8)
  3 hobgoblins
  6 kobolds
  3 quokkas
  A ball python zombie (Crypt:1)
  A frilled lizard (D:5)
  3 goblin zombies
  3 hobgoblin zombies
  A kobold skeleton (Crypt:3)
  A kobold zombie (Ossuary)
  2 orc zombies (D:10)
  A quokka zombie (Ossuary)
  A rat (D:8)
  A butterfly (Lair:3)
  A fungus (Lair:5)
  A plant (Lair:6)
  6 spectral weapons
1166 creatures vanquished.

Vanquished Creatures (collateral kills)
  the Royal Jelly (Slime:5)
  A tentacled monstrosity (Vaults:5)
  Rupert (Lair:4)
  8 acid blobs
  An ancient champion (Tomb:1)
  5 nagarajas
  3 azure jellies (Slime:5)
  A revenant (Tomb:2)
  Louise (Snake:2)
  A cacodemon (Gauntlet)
  4 bennus (Tomb:1)
  The ghost of Patuf the Cleaver, a journeyman DsGl of Okawaru (D:12)
  Azrael (D:13)
  2 mummy priests (Tomb:2)
  A merfolk javelineer (Shoals:4)
  A jiangshi (Crypt:2)
  3 death oozes (Slime:5)
  4 merfolk impalers
  2 great orbs of eyes
  4 anacondas (Snake:4)
  3 two-headed ogres
  A catoblepas (Lair:6)
  A satyr (Shoals:4)
  A queen ant (Gauntlet)
  A death yak (Lair:2)
  2 naga sharpshooters (Snake:4)
  2 death scarabs (Tomb:1)
  2 orc high priests (Orc:2)
  A shock serpent (Snake:2)
  A skeletal warrior (Tomb:1)
  A naga ritualist (Snake:4)
  A deep troll (Vaults:3)
  8 sea snakes
  A swamp dragon (Lair:6)
  A deep elf archer (Vaults:5)
  Pikel (D:8)
  10 harpies
  3 orc knights
  A deep elf mage (Vaults:5)
  3 salamanders
  2 cyclopes
  6 fauns
  7 manticores
  An elephant (Lair:4)
  5 black mambas
  4 water nymphs (Shoals:4)
  6 merfolk sirens
  4 guardian serpents (Snake:4)
  4 naga magi
  2 eyes of devastation
  A torpor snail (Lair:6)
  A komodo dragon (D:13)
  6 guardian mummies
  A rime drake (Lair:6)
  17 merfolk
  2 wind drakes (Shoals:1)
  6 slime creatures
  3 blink frogs (Lair:6)
  6 dream sheep (Lair:6)
  2 hippogriffs
  3 snapping turtles
  3 water elementals
  A shadow (D:14)
  3 yaks
  2 hungry ghosts (D:10)
  A golden eye (Slime:2)
  3 basilisks
  A human (D:14)
  A steam dragon (Lair:6)
  Menkaure (Ossuary)
  21 nagas
  2 wargs (Orc:2)
  An acid dragon (Lair:6)
  A two-headed ogre zombie (D:10)
  Duvessa (D:7)
  3 soldier ants (Gauntlet)
  2 water moccasins (Lair:6)
  2 porcupines
  2 swamp drakes (Lair:6)
  3 ice beasts
  2 slaves (D:8)
  5 orc warriors
  A black bear (D:11)
  An eye of draining (Slime:5)
  A necrophage (D:7)
  2 wolves
  4 phantoms
  5 ogres
  3 centaurs
  2 crocodiles
  A big kobold (D:11)
  A bullfrog (D:7)
  Dowan (D:7)
  A polar bear zombie (Crypt:2)
  3 wights (D:11)
  A howler monkey (D:9)
  A troll skeleton (Crypt:2)
  3 crimson imps
  A centaur zombie (Ossuary)
  2 hounds
  9 jellies (Lair:6)
  19 orc priests
  A centaur skeleton (D:8)
  2 iguanas
  11 orc wizards
  7 worker ants
  2 ogre zombies (D:10)
  A hound zombie (D:9)
  5 mummies
  2 gnolls (D:6)
  8 adders
  A shadow imp (D:8)
  An adder zombie (Ossuary)
  An ooze (D:3)
  An adder skeleton (D:4)
  A leopard gecko (D:7)
  38 orcs
  4 bats
  4 giant cockroaches
  2 goblins
  3 hobgoblins
  2 jackals
  6 kobolds
  2 quokkas
  3 frilled lizards
  A goblin skeleton (D:10)
  2 goblin zombies
  A hobgoblin skeleton (D:10)
  5 hobgoblin zombies (D:10)
  2 kobold zombies (Ossuary)
  3 orc skeletons (D:10)
  11 orc zombies
  2 rats (D:2)
  A rat zombie (Ossuary)
  A butterfly (Lair:3)
  3 fungi
  A plant (Lair:4)
444 creatures vanquished.

Vanquished Creatures (others)
  A fire giant (Vaults:5)
  A nagaraja (Snake:4)
  A vault warden (Vaults:5)
  An ironheart preserver (Vaults:2)
  A yaktaur captain (Vaults:5)
  2 satyrs
  A deep elf archer (Vaults:1)
  A cyclops (D:13)
  A vault sentinel (Vaults:5)
  A guardian mummy (Tomb:3)
  A naga (Snake:4)
  An orc warrior (Orc:2)
  A jelly (Lair:6)
  A bush (Lair:3)
  12 fungi
  13 plants
  13 spectral weapons
  3 tentacles (Shoals:4)
56 creatures vanquished.

Grand Total: 1666 creatures vanquished

Notes
Turn   | Place    | Note
-------+----------+-------------------------------------------
     0 | D:1      | tidbits the Gnoll Summoner began the quest for the Orb.
     0 | D:1      | Reached XP level 1. HP: 13/13 MP: 6/6
    45 | D:2      | Noticed Sigmund
   331 | D:2      | Reached XP level 2. HP: 17/20 MP: 2/7
   335 | D:2      | Learned a level 2 spell: Call Imp
   499 | D:3      | Reached XP level 3. HP: 25/25 MP: 9/9
   554 | D:3      | Reached skill level 5 in Spellcasting
   580 | D:3      | Learned a level 3 spell: Call Canine Familiar
   580 | D:3      | Reached skill level 1 in Invocations
   693 | D:3      | Reached skill level 1 in Fighting
   693 | D:3      | Reached skill level 1 in Short Blades
   693 | D:3      | Reached skill level 1 in Long Blades
   693 | D:3      | Reached skill level 1 in Axes
   693 | D:3      | Reached skill level 1 in Maces & Flails
   693 | D:3      | Reached skill level 1 in Polearms
   693 | D:3      | Reached skill level 1 in Staves
   693 | D:3      | Reached skill level 1 in Slings
   693 | D:3      | Reached skill level 1 in Bows
   693 | D:3      | Reached skill level 1 in Crossbows
   693 | D:3      | Reached skill level 1 in Throwing
   693 | D:3      | Reached skill level 1 in Armour
   693 | D:3      | Reached skill level 1 in Shields
   693 | D:3      | Reached skill level 1 in Unarmed Combat
   693 | D:3      | Reached skill level 1 in Evocations
   708 | D:3      | Found a stormy altar of Qazlal.
   713 | D:3      | Reached XP level 4. HP: 20/32 MP: 11/11
   731 | D:4      | Found a staircase to the Ecumenical Temple.
   741 | Temple   | Entered the Ecumenical Temple
   825 | Temple   | Became a worshipper of Cheibriados the Contemplative
   932 | D:4      | Reached skill level 1 in Conjurations
   932 | D:4      | Reached skill level 1 in Hexes
   932 | D:4      | Reached skill level 1 in Charms
   932 | D:4      | Reached skill level 1 in Necromancy
   932 | D:4      | Reached skill level 1 in Translocations
   932 | D:4      | Reached skill level 1 in Transmutations
   932 | D:4      | Reached skill level 1 in Fire Magic
   932 | D:4      | Reached skill level 1 in Ice Magic
   932 | D:4      | Reached skill level 1 in Air Magic
   932 | D:4      | Reached skill level 1 in Earth Magic
   932 | D:4      | Reached skill level 1 in Poison Magic
   975 | D:5      | Entered Level 5 of the Dungeon
  1016 | D:4      | Learned a level 4 spell: Summon Lightning Spire
  1021 | D:4      | Reached XP level 5. HP: 37/37 MP: 7/12
  1026 | D:4      | Found an iron altar of Okawaru.
  1148 | D:4      | Gained mutation: Your spells are a little easier to cast,
                  | but a little less powerful. [potion of mutation]
  1148 | D:4      | Gained mutation: You are weak. (Str -2) [potion of
                  | mutation]
  1148 | D:4      | Gained mutation: You are partially covered in yellow
                  | scales. (AC +2) [potion of mutation]
  1192 | D:5      | Noticed an ice beast
  1193 | D:5      | Noticed a phantom
  1315 | D:5      | Killed a phantom
  1315 | D:5      | Reached skill level 2 in Invocations
  1315 | D:5      | Reached XP level 6. HP: 35/44 MP: 8/13
  1323 | D:5      | Killed an ice beast
  1323 | D:5      | Reached skill level 5 in Dodging
  1326 | D:5      | Noticed a phantom
  1333 | D:5      | Killed a phantom
  1333 | D:5      | Reached skill level 2 in Fighting
  1333 | D:5      | Reached skill level 2 in Short Blades
  1333 | D:5      | Reached skill level 2 in Long Blades
  1333 | D:5      | Reached skill level 2 in Axes
  1333 | D:5      | Reached skill level 2 in Maces & Flails
  1333 | D:5      | Reached skill level 2 in Polearms
  1333 | D:5      | Reached skill level 2 in Staves
  1333 | D:5      | Reached skill level 2 in Slings
  1333 | D:5      | Reached skill level 2 in Bows
  1333 | D:5      | Reached skill level 2 in Crossbows
  1333 | D:5      | Reached skill level 2 in Throwing
  1333 | D:5      | Reached skill level 2 in Armour
  1333 | D:5      | Reached skill level 2 in Shields
  1333 | D:5      | Reached skill level 2 in Unarmed Combat
  1333 | D:5      | Reached skill level 2 in Evocations
  1375 | D:5      | Noticed an ice beast
  1384 | D:5      | Killed an ice beast
  1384 | D:5      | Reached * piety under Cheibriados
  1411 | D:6      | Noticed Prince Ribbit
  1449 | D:6      | Reached XP level 7. HP: 41/50 MP: 5/15
  1466 | D:6      | Found a sand-covered staircase.
  1472 | Ossuary  | Entered an ossuary
  1562 | Ossuary  | Noticed Menkaure
  1572 | Ossuary  | Killed Menkaure
  1572 | Ossuary  | Reached skill level 2 in Conjurations
  1572 | Ossuary  | Reached skill level 2 in Hexes
  1572 | Ossuary  | Reached skill level 2 in Charms
  1572 | Ossuary  | Reached skill level 2 in Necromancy
  1572 | Ossuary  | Reached skill level 2 in Translocations
  1572 | Ossuary  | Reached skill level 2 in Transmutations
  1572 | Ossuary  | Reached skill level 2 in Fire Magic
  1572 | Ossuary  | Reached skill level 2 in Ice Magic
  1572 | Ossuary  | Reached skill level 2 in Air Magic
  1572 | Ossuary  | Reached skill level 2 in Earth Magic
  1572 | Ossuary  | Reached skill level 2 in Poison Magic
  1679 | D:6      | Reached skill level 5 in Stealth
  1688 | D:6      | Reached skill level 3 in Invocations
  1790 | D:5      | Found an iron altar of Okawaru.
  1861 | D:6      | Killed Prince Ribbit
  1861 | D:6      | Reached ** piety under Cheibriados
  1861 | D:6      | Reached skill level 3 in Fighting
  1861 | D:6      | Reached skill level 3 in Short Blades
  1861 | D:6      | Reached skill level 3 in Long Blades
  1861 | D:6      | Reached skill level 3 in Axes
  1861 | D:6      | Reached skill level 3 in Maces & Flails
  1861 | D:6      | Reached skill level 3 in Polearms
  1861 | D:6      | Reached skill level 3 in Staves
  1861 | D:6      | Reached skill level 3 in Slings
  1861 | D:6      | Reached skill level 3 in Bows
  1861 | D:6      | Reached skill level 3 in Crossbows
  1861 | D:6      | Reached skill level 3 in Throwing
  1861 | D:6      | Reached skill level 3 in Armour
  1861 | D:6      | Reached skill level 3 in Shields
  1861 | D:6      | Reached skill level 3 in Unarmed Combat
  1861 | D:6      | Reached skill level 3 in Evocations
  1861 | D:6      | Reached XP level 8. HP: 40/58 MP: 11/16
  1950 | D:7      | Noticed Dowan
  1950 | D:7      | Noticed Duvessa
  1961 | D:7      | Killed Dowan
  1961 | D:7      | Reached skill level 6 in Spellcasting
  1970 | D:7      | Killed Duvessa
  2162 | D:7      | Reached skill level 4 in Invocations
  2169 | D:7      | Reached skill level 3 in Conjurations
  2169 | D:7      | Reached skill level 3 in Hexes
  2169 | D:7      | Reached skill level 3 in Charms
  2169 | D:7      | Reached skill level 3 in Necromancy
  2169 | D:7      | Reached skill level 3 in Translocations
  2169 | D:7      | Reached skill level 3 in Transmutations
  2169 | D:7      | Reached skill level 3 in Fire Magic
  2169 | D:7      | Reached skill level 3 in Ice Magic
  2169 | D:7      | Reached skill level 3 in Air Magic
  2169 | D:7      | Reached skill level 3 in Earth Magic
  2169 | D:7      | Reached skill level 3 in Poison Magic
  2200 | D:7      | Reached *** piety under Cheibriados
  2200 | D:7      | Reached XP level 9. HP: 34/65 MP: 12/18
  2261 | D:7      | Reached skill level 6 in Dodging
  2462 | D:8      | Found a deep blue altar of Sif Muna.
  2511 | D:8      | Noticed Pikel
  2518 | D:8      | Killed Pikel
  2571 | D:8      | Reached skill level 4 in Fighting
  2571 | D:8      | Reached skill level 4 in Short Blades
  2571 | D:8      | Reached skill level 4 in Long Blades
  2571 | D:8      | Reached skill level 4 in Axes
  2571 | D:8      | Reached skill level 4 in Maces & Flails
  2571 | D:8      | Reached skill level 4 in Polearms
  2571 | D:8      | Reached skill level 4 in Staves
  2571 | D:8      | Reached skill level 4 in Slings
  2571 | D:8      | Reached skill level 4 in Bows
  2571 | D:8      | Reached skill level 4 in Crossbows
  2571 | D:8      | Reached skill level 4 in Throwing
  2571 | D:8      | Reached skill level 4 in Armour
  2571 | D:8      | Reached skill level 4 in Shields
  2571 | D:8      | Reached skill level 4 in Unarmed Combat
  2571 | D:8      | Reached skill level 4 in Evocations
  2616 | D:8      | Found a sacrificial altar of Ru.
  2668 | D:9      | Reached **** piety under Cheibriados
  2668 | D:9      | Reached skill level 6 in Stealth
  2668 | D:9      | Reached skill level 8 in Summonings
  3083 | D:10     | Entered Level 10 of the Dungeon
  3088 | D:10     | Noticed a five-headed hydra
  3126 | D:10     | Reached skill level 5 in Invocations
  3135 | D:10     | Found a staircase to the Orcish Mines.
  3180 | D:10     | Reached ***** piety under Cheibriados
  3198 | D:10     | Reached XP level 10. HP: 65/73 MP: 9/20
  3202 | Orc:1    | Entered Level 1 of the Orcish Mines
  3202 | Orc:1    | Noticed an orc knight
  3203 | Orc:1    | Reached skill level 7 in Spellcasting
  3212 | Orc:1    | Killed an orc knight
  3212 | Orc:1    | Reached skill level 4 in Conjurations
  3212 | Orc:1    | Reached skill level 4 in Hexes
  3212 | Orc:1    | Reached skill level 4 in Charms
  3212 | Orc:1    | Reached skill level 4 in Necromancy
  3212 | Orc:1    | Reached skill level 4 in Translocations
  3212 | Orc:1    | Reached skill level 4 in Transmutations
  3212 | Orc:1    | Reached skill level 4 in Fire Magic
  3212 | Orc:1    | Reached skill level 4 in Ice Magic
  3212 | Orc:1    | Reached skill level 4 in Air Magic
  3212 | Orc:1    | Reached skill level 4 in Earth Magic
  3212 | Orc:1    | Reached skill level 4 in Poison Magic
  3227 | Orc:2    | Entered Level 2 of the Orcish Mines
  3227 | Orc:2    | Noticed a two-headed ogre
  3252 | Orc:1    | Noticed an orc high priest
  3260 | Orc:1    | Noticed an orange demon
  3260 | Orc:1    | Noticed a sun demon
  3261 | Orc:1    | Killed an orc high priest
  3261 | Orc:1    | Reached skill level 5 in Fighting
  3261 | Orc:1    | Reached skill level 5 in Short Blades
  3261 | Orc:1    | Reached skill level 5 in Long Blades
  3261 | Orc:1    | Reached skill level 5 in Axes
  3261 | Orc:1    | Reached skill level 5 in Maces & Flails
  3261 | Orc:1    | Reached skill level 5 in Polearms
  3261 | Orc:1    | Reached skill level 5 in Staves
  3261 | Orc:1    | Reached skill level 5 in Slings
  3261 | Orc:1    | Reached skill level 5 in Bows
  3261 | Orc:1    | Reached skill level 5 in Crossbows
  3261 | Orc:1    | Reached skill level 5 in Throwing
  3261 | Orc:1    | Reached skill level 5 in Armour
  3261 | Orc:1    | Reached skill level 5 in Shields
  3261 | Orc:1    | Reached skill level 5 in Unarmed Combat
  3261 | Orc:1    | Reached skill level 5 in Evocations
  3261 | Orc:1    | Reached skill level 7 in Dodging
  3344 | Orc:1    | Noticed a cyclops
  3344 | Orc:1    | Reached skill level 6 in Invocations
  3354 | Orc:1    | Reached skill level 7 in Stealth
  3354 | Orc:1    | Killed a cyclops
  3408 | Orc:2    | Noticed a two-headed ogre
  3414 | Orc:2    | Noticed an ogre mage
  3418 | Orc:2    | Killed a two-headed ogre
  3418 | Orc:2    | Reached XP level 11. HP: 71/81 MP: 6/22
  3419 | Orc:2    | Noticed a two-headed ogre
  3420 | Orc:2    | Noticed a two-headed ogre
  3420 | Orc:2    | Killed a two-headed ogre
  3423 | Orc:2    | Noticed a two-headed ogre
  3427 | Orc:2    | Killed a two-headed ogre
  3427 | Orc:2    | Killed an ogre mage
  3427 | Orc:2    | Reached skill level 6 in Fighting
  3427 | Orc:2    | Reached skill level 6 in Short Blades
  3427 | Orc:2    | Reached skill level 6 in Long Blades
  3427 | Orc:2    | Reached skill level 6 in Axes
  3427 | Orc:2    | Reached skill level 6 in Maces & Flails
  3427 | Orc:2    | Reached skill level 6 in Polearms
  3427 | Orc:2    | Reached skill level 6 in Staves
  3427 | Orc:2    | Reached skill level 6 in Slings
  3427 | Orc:2    | Reached skill level 6 in Bows
  3427 | Orc:2    | Reached skill level 6 in Crossbows
  3427 | Orc:2    | Reached skill level 6 in Throwing
  3427 | Orc:2    | Reached skill level 6 in Armour
  3427 | Orc:2    | Reached skill level 6 in Shields
  3427 | Orc:2    | Reached skill level 6 in Unarmed Combat
  3427 | Orc:2    | Reached skill level 5 in Conjurations
  3427 | Orc:2    | Reached skill level 5 in Hexes
  3427 | Orc:2    | Reached skill level 5 in Charms
  3427 | Orc:2    | Reached skill level 5 in Necromancy
  3427 | Orc:2    | Reached skill level 5 in Translocations
  3427 | Orc:2    | Reached skill level 5 in Transmutations
  3427 | Orc:2    | Reached skill level 5 in Fire Magic
  3427 | Orc:2    | Reached skill level 5 in Ice Magic
  3427 | Orc:2    | Reached skill level 5 in Air Magic
  3427 | Orc:2    | Reached skill level 5 in Earth Magic
  3427 | Orc:2    | Reached skill level 5 in Poison Magic
  3427 | Orc:2    | Reached skill level 6 in Evocations
  3430 | Orc:2    | Killed a two-headed ogre
  3430 | Orc:2    | Reached skill level 8 in Spellcasting
  3433 | Orc:2    | Noticed a two-headed ogre
  3437 | Orc:2    | Killed a two-headed ogre
  3450 | Orc:2    | Killed a two-headed ogre
  3608 | Orc:2    | Found Fehadden's Assorted Antiques.
  3608 | Orc:2    | Noticed an orc high priest
  3612 | Orc:2    | Noticed a sixfirhy
  3614 | Orc:2    | Reached skill level 9 in Summonings
  3614 | Orc:2    | Reached skill level 7 in Invocations
  3616 | Orc:2    | Killed an orc high priest
  3616 | Orc:2    | Reached skill level 8 in Dodging
  3622 | Orc:2    | Bought a sharpened copper wand for 132 gold pieces
  3622 | Orc:2    | Bought a scroll labeled AGHUAL OHOR for 33 gold pieces
  3622 | Orc:2    | Bought 3 scrolls labeled SIRRUERYTA for 99 gold pieces
  3629 | Orc:2    | Noticed an orc high priest
  3634 | Orc:2    | Noticed an orc high priest
  3636 | Orc:2    | Killed an orc high priest
  3638 | Orc:2    | Found Temilyoth's Antique Weapon Boutique.
  3639 | Orc:2    | Noticed a soul eater
  3639 | Orc:2    | Killed an orc high priest
  3694 | Orc:2    | Noticed an orc high priest
  3707 | Orc:2    | Killed an orc high priest
  3707 | Orc:2    | Reached skill level 8 in Stealth
  3707 | Orc:2    | Reached XP level 12. HP: 49/89 MP: 13/24
  3739 | Orc:2    | Found a roughly hewn altar of Beogh.
  3763 | Orc:2    | Noticed an orc high priest
  3776 | Orc:2    | Killed an orc high priest
  3787 | Orc:2    | Found Seora's Antique Weapon Shoppe.
  3787 | Orc:2    | Found Vomoc's Book Boutique.
  3794 | Orc:2    | Bought a book of Necromancy for 480 gold pieces
  3798 | Orc:2    | Learned a level 3 spell: Regeneration
  3803 | Orc:2    | Learned a level 4 spell: Animate Dead
  3805 | Orc:2    | Learned a level 1 spell: Animate Skeleton
  3816 | Orc:2    | Found a staircase to the Elven Halls.
  3997 | Orc:1    | Reached ****** piety under Cheibriados
  4003 | Orc:1    | Reached skill level 7 in Fighting
  4003 | Orc:1    | Reached skill level 7 in Short Blades
  4003 | Orc:1    | Reached skill level 7 in Long Blades
  4003 | Orc:1    | Reached skill level 7 in Axes
  4003 | Orc:1    | Reached skill level 7 in Maces & Flails
  4003 | Orc:1    | Reached skill level 7 in Polearms
  4003 | Orc:1    | Reached skill level 7 in Staves
  4003 | Orc:1    | Reached skill level 7 in Slings
  4003 | Orc:1    | Reached skill level 7 in Bows
  4003 | Orc:1    | Reached skill level 7 in Crossbows
  4003 | Orc:1    | Reached skill level 7 in Throwing
  4003 | Orc:1    | Reached skill level 7 in Armour
  4003 | Orc:1    | Reached skill level 7 in Shields
  4003 | Orc:1    | Reached skill level 7 in Unarmed Combat
  4003 | Orc:1    | Reached skill level 7 in Evocations
  4102 | Orc:2    | Bought a book of Changes for 400 gold pieces
  4144 | Orc:2    | Noticed an orc high priest
  4160 | D:10     | Learned a level 5 spell: Blade Hands
  4307 | D:11     | Found a staircase to the Lair.
  4316 | Lair:1   | Entered Level 1 of the Lair of Beasts
  4366 | Lair:1   | Got a polished trident
  4367 | Lair:1   | Identified the +5 trident "Gipab" {speed, Int+3 Dex+3} (You
                  | found it on level 1 of the Lair of Beasts)
  4448 | Lair:2   | Reached skill level 6 in Conjurations
  4448 | Lair:2   | Reached skill level 6 in Hexes
  4448 | Lair:2   | Reached skill level 6 in Charms
  4448 | Lair:2   | Reached skill level 6 in Necromancy
  4448 | Lair:2   | Reached skill level 6 in Translocations
  4448 | Lair:2   | Reached skill level 6 in Transmutations
  4448 | Lair:2   | Reached skill level 6 in Fire Magic
  4448 | Lair:2   | Reached skill level 6 in Ice Magic
  4448 | Lair:2   | Reached skill level 6 in Air Magic
  4448 | Lair:2   | Reached skill level 6 in Earth Magic
  4448 | Lair:2   | Reached skill level 6 in Poison Magic
  4482 | Lair:2   | Noticed a death yak
  4482 | Lair:2   | Noticed a death yak
  4482 | Lair:2   | Noticed a death yak
  4556 | Lair:2   | Noticed Gastronok
  4599 | Lair:3   | Reached skill level 8 in Invocations
  4608 | Lair:3   | Noticed a death yak
  4639 | Lair:3   | Reached skill level 9 in Spellcasting
  4729 | Lair:2   | Noticed a death yak
  4743 | Lair:2   | Killed a death yak
  4754 | Lair:2   | Killed a death yak
  4757 | Lair:2   | Killed a death yak
  4761 | Lair:2   | Killed a death yak
  4761 | Lair:2   | Reached skill level 9 in Dodging
  4819 | Lair:2   | Reached XP level 13. HP: 75/98 MP: 16/26
  4847 | Lair:2   | Killed Gastronok
  4847 | Lair:2   | Reached skill level 9 in Stealth
  5028 | Lair:4   | Learned a level 4 spell: Passage of Golubria
  5032 | Lair:4   | Learned a level 2 spell: Sticks to Snakes
  5056 | Lair:4   | Noticed Rupert
  5070 | Lair:4   | Killed Rupert
  5070 | Lair:4   | Reached skill level 8 in Fighting
  5070 | Lair:4   | Reached skill level 8 in Short Blades
  5070 | Lair:4   | Reached skill level 8 in Long Blades
  5070 | Lair:4   | Reached skill level 8 in Axes
  5070 | Lair:4   | Reached skill level 8 in Maces & Flails
  5070 | Lair:4   | Reached skill level 8 in Polearms
  5070 | Lair:4   | Reached skill level 8 in Staves
  5070 | Lair:4   | Reached skill level 8 in Slings
  5070 | Lair:4   | Reached skill level 8 in Bows
  5070 | Lair:4   | Reached skill level 8 in Crossbows
  5070 | Lair:4   | Reached skill level 8 in Throwing
  5070 | Lair:4   | Reached skill level 8 in Armour
  5070 | Lair:4   | Reached skill level 8 in Shields
  5070 | Lair:4   | Reached skill level 8 in Unarmed Combat
  5070 | Lair:4   | Reached skill level 8 in Evocations
  5129 | Lair:4   | Found a staircase to the Snake Pit.
  5264 | Lair:4   | Lost mutation: You are weak. (Str -2) [potion of mutation]
  5264 | Lair:4   | Lost mutation: Your spells are a little easier to cast, but
                  | a little less powerful. [potion of mutation]
  5264 | Lair:4   | Gained mutation: You have extremely sharp teeth. [potion of
                  | mutation]
  5264 | Lair:4   | Gained mutation: You are partially covered in large bone
                  | plates. (SH +4) [potion of mutation]
  5358 | Lair:6   | Entered Level 6 of the Lair of Beasts
  5382 | Lair:6   | Reached skill level 9 in Invocations
  5387 | Lair:6   | Learned a level 1 spell: Apportation
  5453 | Lair:6   | Reached skill level 10 in Summonings
  5489 | Lair:6   | Reached skill level 7 in Conjurations
  5489 | Lair:6   | Reached skill level 7 in Hexes
  5489 | Lair:6   | Reached skill level 7 in Charms
  5489 | Lair:6   | Reached skill level 7 in Necromancy
  5489 | Lair:6   | Reached skill level 7 in Translocations
  5489 | Lair:6   | Reached skill level 7 in Transmutations
  5489 | Lair:6   | Reached skill level 7 in Fire Magic
  5489 | Lair:6   | Reached skill level 7 in Ice Magic
  5489 | Lair:6   | Reached skill level 7 in Air Magic
  5489 | Lair:6   | Reached skill level 7 in Earth Magic
  5489 | Lair:6   | Reached skill level 7 in Poison Magic
  5519 | Lair:6   | Noticed a fire dragon
  5530 | Lair:6   | Killed a fire dragon
  5612 | Lair:6   | Found a staircase to the Slime Pits.
  5705 | Lair:6   | Reached skill level 10 in Spellcasting
  5730 | Lair:6   | Reached XP level 14. HP: 45/106 MP: 16/28
  5825 | Lair:6   | Found a runed door.
  5967 | Lair:6   | Reached skill level 10 in Dodging
  6177 | Lair:5   | Learned a level 2 spell: Passwall
  6224 | Lair:4   | Found a staircase to the Shoals.
  6234 | Shoals:1 | Entered Level 1 of the Shoals
  6308 | Shoals:1 | Reached skill level 9 in Fighting
  6308 | Shoals:1 | Reached skill level 9 in Short Blades
  6308 | Shoals:1 | Reached skill level 9 in Long Blades
  6308 | Shoals:1 | Reached skill level 9 in Axes
  6308 | Shoals:1 | Reached skill level 9 in Maces & Flails
  6308 | Shoals:1 | Reached skill level 9 in Polearms
  6308 | Shoals:1 | Reached skill level 9 in Staves
  6308 | Shoals:1 | Reached skill level 9 in Slings
  6308 | Shoals:1 | Reached skill level 9 in Bows
  6308 | Shoals:1 | Reached skill level 9 in Crossbows
  6308 | Shoals:1 | Reached skill level 9 in Throwing
  6308 | Shoals:1 | Reached skill level 9 in Armour
  6308 | Shoals:1 | Reached skill level 9 in Shields
  6308 | Shoals:1 | Reached skill level 9 in Unarmed Combat
  6308 | Shoals:1 | Reached skill level 9 in Evocations
  6378 | Shoals:1 | Reached skill level 10 in Stealth
  6460 | Shoals:2 | Got a coiled platinum ring
  6464 | Shoals:1 | Identified the ring of Uleigoer {Int+5 Dex+4} (You found it
                  | on level 2 of the Shoals)
  6565 | Shoals:1 | Found Nuefaguff's Island Escapes.
  6570 | Shoals:1 | Bought a scroll of fog for 30 gold pieces
  6570 | Shoals:1 | Bought a scroll of fog for 30 gold pieces
  6570 | Shoals:1 | Bought an uncursed ring of flight for 262 gold pieces
  6570 | Shoals:1 | Bought a scroll of fog for 30 gold pieces
  6570 | Shoals:1 | Bought a scroll of blinking for 112 gold pieces
  6639 | Shoals:2 | Reached skill level 10 in Invocations
  7059 | Shoals:4 | Entered Level 4 of the Shoals
  7122 | Shoals:4 | Reached skill level 8 in Conjurations
  7122 | Shoals:4 | Reached skill level 8 in Hexes
  7122 | Shoals:4 | Reached skill level 8 in Charms
  7122 | Shoals:4 | Reached skill level 8 in Necromancy
  7122 | Shoals:4 | Reached skill level 8 in Translocations
  7122 | Shoals:4 | Reached skill level 8 in Transmutations
  7122 | Shoals:4 | Reached skill level 8 in Fire Magic
  7122 | Shoals:4 | Reached skill level 8 in Ice Magic
  7122 | Shoals:4 | Reached skill level 8 in Air Magic
  7122 | Shoals:4 | Reached skill level 8 in Earth Magic
  7122 | Shoals:4 | Reached skill level 8 in Poison Magic
  7124 | Shoals:4 | Reached XP level 15. HP: 60/114 MP: 12/29
  7451 | Shoals:4 | Reached skill level 11 in Spellcasting
  7453 | Shoals:4 | Identified the Incunabulum of Clay and Attacks
  7645 | Shoals:4 | Reached skill level 10 in Fighting
  7645 | Shoals:4 | Reached skill level 10 in Short Blades
  7645 | Shoals:4 | Reached skill level 10 in Long Blades
  7645 | Shoals:4 | Reached skill level 10 in Axes
  7645 | Shoals:4 | Reached skill level 10 in Maces & Flails
  7645 | Shoals:4 | Reached skill level 10 in Polearms
  7645 | Shoals:4 | Reached skill level 10 in Staves
  7645 | Shoals:4 | Reached skill level 10 in Slings
  7645 | Shoals:4 | Reached skill level 10 in Bows
  7645 | Shoals:4 | Reached skill level 10 in Crossbows
  7645 | Shoals:4 | Reached skill level 10 in Throwing
  7645 | Shoals:4 | Reached skill level 10 in Armour
  7645 | Shoals:4 | Reached skill level 10 in Shields
  7645 | Shoals:4 | Reached skill level 10 in Unarmed Combat
  7645 | Shoals:4 | Reached skill level 10 in Evocations
  7679 | Shoals:4 | Reached skill level 11 in Dodging
  7698 | Shoals:4 | Got a barnacled rune of Zot
  7765 | Shoals:4 | Reached skill level 11 in Summonings
  7952 | Snake:1  | Entered Level 1 of the Snake Pit
  7971 | Snake:1  | Learned a level 3 spell: Spectral Weapon
  8002 | Snake:1  | Reached skill level 11 in Invocations
  8027 | Snake:2  | Found an iron altar of Okawaru.
  8036 | Snake:2  | Found Cude's General Store.
  8058 | Snake:2  | Bought a +0 cloak of magic resistance for 241 gold pieces
  8101 | Snake:3  | Reached skill level 11 in Stealth
  8166 | Snake:4  | Entered Level 4 of the Snake Pit
  8168 | Snake:4  | Identified a scroll of acquirement
  8168 | Snake:4  | Identified Quinenai's Tome of Creative Arcane Weapons (You
                  | acquired it on level 4 of the Snake Pit)
  8255 | Snake:2  | Noticed a nagaraja
  8257 | Snake:2  | Noticed Louise
  8258 | Snake:2  | Reached XP level 16. HP: 97/122 MP: 15/31
  8458 | Snake:4  | Noticed Vashnia
  8459 | Snake:4  | HP: 10/123 [Vashnia/bolt (37)]
  8560 | Snake:4  | Noticed a nagaraja
  8566 | Snake:4  | Killed a nagaraja
  8566 | Snake:4  | Reached skill level 9 in Conjurations
  8566 | Snake:4  | Reached skill level 9 in Hexes
  8566 | Snake:4  | Reached skill level 9 in Charms
  8566 | Snake:4  | Reached skill level 9 in Necromancy
  8566 | Snake:4  | Reached skill level 9 in Translocations
  8566 | Snake:4  | Reached skill level 9 in Transmutations
  8566 | Snake:4  | Reached skill level 9 in Fire Magic
  8566 | Snake:4  | Reached skill level 9 in Ice Magic
  8566 | Snake:4  | Reached skill level 9 in Air Magic
  8566 | Snake:4  | Reached skill level 9 in Earth Magic
  8566 | Snake:4  | Reached skill level 9 in Poison Magic
  8595 | Snake:4  | Noticed a nagaraja
  8683 | Snake:4  | Noticed a nagaraja
  8699 | Snake:4  | Noticed a nagaraja
  8714 | Snake:4  | Killed a nagaraja
  8720 | Snake:4  | Killed a nagaraja
  8725 | Snake:4  | Noticed a nagaraja
  8732 | Snake:4  | Killed a nagaraja
  8761 | Snake:4  | Killed a nagaraja
  8814 | Snake:4  | Noticed a nagaraja
  8816 | Snake:4  | Noticed a nagaraja
  8833 | Snake:4  | Killed a nagaraja
  8847 | Snake:4  | Noticed a nagaraja
  8862 | Snake:4  | Killed a nagaraja
  8865 | Snake:4  | Noticed a nagaraja
  8865 | Snake:4  | Killed a nagaraja
  8865 | Snake:4  | Reached skill level 11 in Fighting
  8865 | Snake:4  | Reached skill level 11 in Short Blades
  8865 | Snake:4  | Reached skill level 11 in Long Blades
  8865 | Snake:4  | Reached skill level 11 in Axes
  8865 | Snake:4  | Reached skill level 11 in Maces & Flails
  8865 | Snake:4  | Reached skill level 11 in Polearms
  8865 | Snake:4  | Reached skill level 11 in Staves
  8865 | Snake:4  | Reached skill level 11 in Slings
  8865 | Snake:4  | Reached skill level 11 in Bows
  8865 | Snake:4  | Reached skill level 11 in Crossbows
  8865 | Snake:4  | Reached skill level 11 in Throwing
  8865 | Snake:4  | Reached skill level 11 in Armour
  8865 | Snake:4  | Reached skill level 11 in Shields
  8865 | Snake:4  | Reached skill level 11 in Unarmed Combat
  8865 | Snake:4  | Reached skill level 11 in Evocations
  8867 | Snake:4  | Killed a nagaraja
  8879 | Snake:4  | Got a serpentine rune of Zot
  8907 | Snake:4  | Noticed a nagaraja
  8914 | Snake:4  | Killed a nagaraja
  9017 | Snake:4  | Reached skill level 12 in Spellcasting
  9026 | Snake:4  | Reached XP level 17. HP: 125/131 MP: 19/33
  9052 | Snake:4  | Killed Vashnia
  9052 | Snake:4  | Reached skill level 12 in Invocations
  9156 | Snake:2  | Killed Louise
  9201 | Snake:2  | Reached skill level 12 in Dodging
  9220 | Snake:2  | HP: 10/131 [shock serpent/bolt of electricity (20)]
  9220 | Snake:2  | HP: 4/131 [shock serpent (6)]
  9289 | Snake:1  | Noticed Asterion
  9295 | Snake:1  | Killed Asterion
  9368 | Snake:1  | Identified Roxanne's Reference Book on Stones
  9368 | Snake:1  | Noticed Roxanne
  9389 | Snake:1  | Learned a level 5 spell: Lee's Rapid Deconstruction
  9395 | Snake:1  | Killed Roxanne
  9411 | Snake:1  | Learned a level 6 spell: Statue Form
  9562 | Slime:1  | Entered Level 1 of the Pits of Slime
  9572 | Slime:1  | Reached skill level 12 in Stealth
  9653 | Slime:2  | Noticed an acid blob
  9659 | Slime:2  | Killed an acid blob
  9712 | Slime:3  | Noticed an acid blob
  9718 | Slime:3  | Killed an acid blob
  9725 | Slime:4  | Gained mutation: You are weak. (Str -2) [a shining eye]
  9765 | Slime:5  | Entered Level 5 of the Pits of Slime
  9776 | Slime:5  | Noticed an acid blob
  9779 | Slime:5  | Noticed an acid blob
  9785 | Slime:5  | Killed an acid blob
  9787 | Slime:5  | Killed an acid blob
  9809 | Slime:5  | Noticed an acid blob
  9810 | Slime:5  | Found a viscous altar of Jiyva.
  9816 | Slime:5  | Killed an acid blob
  9817 | Slime:5  | Noticed the Royal Jelly
  9822 | Slime:5  | Noticed an acid blob
  9827 | Slime:5  | Killed an acid blob
  9836 | Slime:5  | Noticed an acid blob
  9837 | Slime:5  | Killed the Royal Jelly
  9838 | Slime:5  | Noticed an acid blob
  9838 | Slime:5  | Killed an acid blob
  9840 | Slime:5  | Noticed an acid blob
  9840 | Slime:5  | Noticed an acid blob
  9843 | Slime:5  | Noticed an acid blob
  9845 | Slime:5  | Noticed an acid blob
  9845 | Slime:5  | Killed an acid blob
  9845 | Slime:5  | Noticed an acid blob
  9847 | Slime:5  | Noticed an acid blob
  9849 | Slime:5  | Killed an acid blob
  9849 | Slime:5  | Killed an acid blob
  9849 | Slime:5  | Reached skill level 12 in Summonings
  9849 | Slime:5  | Killed an acid blob
  9850 | Slime:5  | Killed an acid blob
  9850 | Slime:5  | Reached skill level 10 in Conjurations
  9850 | Slime:5  | Reached skill level 10 in Hexes
  9850 | Slime:5  | Reached skill level 10 in Charms
  9850 | Slime:5  | Reached skill level 10 in Necromancy
  9850 | Slime:5  | Reached skill level 10 in Translocations
  9850 | Slime:5  | Reached skill level 10 in Transmutations
  9850 | Slime:5  | Reached skill level 10 in Fire Magic
  9850 | Slime:5  | Reached skill level 10 in Ice Magic
  9850 | Slime:5  | Reached skill level 10 in Air Magic
  9850 | Slime:5  | Reached skill level 10 in Earth Magic
  9850 | Slime:5  | Reached skill level 10 in Poison Magic
  9854 | Slime:5  | Killed an acid blob
  9855 | Slime:5  | Killed an acid blob
  9856 | Slime:5  | Reached XP level 18. HP: 49/139 MP: 5/34
  9897 | Slime:5  | Identified Nyimuuq's Papyrus of Toxins and Evil
  9900 | Slime:5  | Identified the +3 long sword of Overwhelming Force {pain,
                  | rElec Dex+2} (You found it on level 5 of the Pits of Slime)
  9919 | Slime:5  | Got a slimy rune of Zot
  9923 | Slime:5  | Identified the +2 scale mail of the Elven Halls {Str+3
                  | Dex+4} (You found it on level 5 of the Pits of Slime)
  9931 | Slime:5  | Identified the amulet "Gibranuff" {Acrobat rPois Dex+5}
                  | (You found it on level 5 of the Pits of Slime)
  9994 | Slime:5  | Identified the cursed +0 ice dragon scales of Qunapt {rElec
                  | rF- rC++ Dex+3} (You found it on level 5 of the Pits of
                  | Slime)
  9995 | Slime:5  | Upgraded the game from 0.23-a0-558-g30802b1 to
                  | 0.23-a0-577-g2b1de94
 10062 | Lair:6   | Learned a level 5 spell: Borgnjor's Vile Clutch
 10255 | D:11     | Identified the +3 ring mail "Vyneivut" {Str+5} (You found
                  | it on level 11 of the Dungeon)
 10410 | D:12     | Found a runed gate.
 10411 | D:12     | Found a runed gate.
 10411 | D:12     | Found a runed gate.
 10417 | D:12     | Noticed Patuf's ghost (journeyman DsGl)
 10423 | D:12     | Noticed Inarius's ghost (journeyman HuCK)
 10430 | D:12     | Killed Inarius's ghost
 10443 | D:12     | Killed Patuf's ghost
 10445 | D:12     | Identified the cursed +3 flail of Hara {protect, *Drain rF+
                  | rC+ rN++} (You found it on level 12 of the Dungeon)
 10478 | D:13     | Noticed Azrael
 10486 | D:13     | Killed Azrael
 10503 | D:13     | Noticed Erolcha
 10512 | D:13     | Killed Erolcha
 10525 | D:13     | You fall through a shaft!
 10550 | D:14     | Found a gate leading to a gauntlet.
 10575 | Gauntlet | Entered a Gauntlet
 10575 | Gauntlet | Found a transporter.
 10575 | Gauntlet | Found a transporter.
 10583 | Gauntlet | Found a transporter.
 10586 | Gauntlet | Found a transporter.
 10598 | Gauntlet | Identified the ring "Zauh" {*Tele +Inv rF+++ rC- Stlth-}
                  | (You found it in a Gauntlet)
 10605 | Gauntlet | Found a transporter.
 10617 | Gauntlet | Found a transporter.
 10626 | Gauntlet | Found a transporter.
 10642 | Gauntlet | Identified a ring "Woat" {rElec SInv Stlth+} (You found it
                  | in a Gauntlet)
 10657 | Gauntlet | Identified the +4 war axe of the Postmodern Souls {chop,
                  | +Inv rPois rC+ Dex-2}
 10661 | Gauntlet | Reached skill level 12 in Fighting
 10661 | Gauntlet | Reached skill level 12 in Short Blades
 10661 | Gauntlet | Reached skill level 12 in Long Blades
 10661 | Gauntlet | Reached skill level 12 in Axes
 10661 | Gauntlet | Reached skill level 12 in Maces & Flails
 10661 | Gauntlet | Reached skill level 12 in Polearms
 10661 | Gauntlet | Reached skill level 12 in Staves
 10661 | Gauntlet | Reached skill level 12 in Slings
 10661 | Gauntlet | Reached skill level 12 in Bows
 10661 | Gauntlet | Reached skill level 12 in Crossbows
 10661 | Gauntlet | Reached skill level 12 in Throwing
 10661 | Gauntlet | Reached skill level 12 in Armour
 10661 | Gauntlet | Reached skill level 12 in Shields
 10661 | Gauntlet | Reached skill level 12 in Unarmed Combat
 10661 | Gauntlet | Reached skill level 12 in Evocations
 10677 | Gauntlet | Identified the Papyrus of Assistive Combat Magic
 10678 | Gauntlet | Identified the amulet "Nawozim" {Reflect Str+4 SH+2} (You
                  | found it in a Gauntlet)
 10691 | Gauntlet | Found a transporter.
 10693 | Gauntlet | Upgraded the game from 0.23-a0-577-g2b1de94 to
                  | 0.23-a0-584-g44dd78f
 10697 | Gauntlet | Identified the +0 pair of gloves of Pyanuick {rPois Int+4
                  | Dex+2 Stlth+} (You found it in a Gauntlet)
 10706 | D:15     | Entered Level 15 of the Dungeon
 10772 | D:14     | Reached skill level 13 in Invocations
 10778 | D:14     | Cast into level 3 of the Abyss (a wizard)
 10880 | Abyss:4  | Reached skill level 13 in Spellcasting
 10890 | Abyss:4  | Noticed a lich
 10892 | Abyss:4  | Got an abyssal rune of Zot
 10896 | Abyss:4  | Noticed a lich
 10898 | Abyss:4  | Noticed a lich
 10921 | D:14     | Escaped the Abyss
 10945 | D:14     | Found a gate to the Vaults.
 10973 | Vaults:1 | Entered Level 1 of the Vaults
 11111 | Vaults:1 | Identified the cursed +1 scale mail of Xom's Esteem {+Fly
                  | Int+3} (You found it on level 1 of the Vaults)
 11165 | Vaults:1 | Reached skill level 13 in Dodging
 11320 | Vaults:2 | Reached XP level 19. HP: 147/147 MP: 21/36
 11322 | Vaults:2 | Reached skill level 13 in Stealth
 11449 | Vaults:4 | Noticed a lich
 11455 | Vaults:4 | Killed a lich
 11464 | Vaults:5 | Entered Level 5 of the Vaults
 11561 | Vaults:5 | Reached skill level 11 in Conjurations
 11561 | Vaults:5 | Reached skill level 11 in Hexes
 11561 | Vaults:5 | Reached skill level 11 in Charms
 11561 | Vaults:5 | Reached skill level 11 in Necromancy
 11561 | Vaults:5 | Reached skill level 11 in Translocations
 11561 | Vaults:5 | Reached skill level 11 in Transmutations
 11561 | Vaults:5 | Reached skill level 11 in Fire Magic
 11561 | Vaults:5 | Reached skill level 11 in Ice Magic
 11561 | Vaults:5 | Reached skill level 11 in Air Magic
 11561 | Vaults:5 | Reached skill level 11 in Earth Magic
 11561 | Vaults:5 | Reached skill level 11 in Poison Magic
 11574 | Vaults:5 | Identified Sif Muna's Disquisition on Dislocation and
                  | Intoxication
 11622 | Vaults:5 | Identified the ring of Demons {rElec rN+ Int+4}
 11670 | Vaults:5 | Noticed a golden dragon
 11680 | Vaults:5 | Killed a golden dragon
 11680 | Vaults:5 | Noticed an ancient lich
 11681 | Vaults:5 | Found Zetye's Distillery.
 11686 | Vaults:5 | Killed an ancient lich
 11686 | Vaults:5 | Reached skill level 13 in Fighting
 11686 | Vaults:5 | Reached skill level 13 in Short Blades
 11686 | Vaults:5 | Reached skill level 13 in Long Blades
 11686 | Vaults:5 | Reached skill level 13 in Axes
 11686 | Vaults:5 | Reached skill level 13 in Maces & Flails
 11686 | Vaults:5 | Reached skill level 13 in Polearms
 11686 | Vaults:5 | Reached skill level 13 in Staves
 11686 | Vaults:5 | Reached skill level 13 in Slings
 11686 | Vaults:5 | Reached skill level 13 in Bows
 11686 | Vaults:5 | Reached skill level 13 in Crossbows
 11686 | Vaults:5 | Reached skill level 13 in Throwing
 11686 | Vaults:5 | Reached skill level 13 in Armour
 11686 | Vaults:5 | Reached skill level 13 in Shields
 11686 | Vaults:5 | Reached skill level 13 in Unarmed Combat
 11686 | Vaults:5 | Reached skill level 14 in Invocations
 11686 | Vaults:5 | Reached skill level 13 in Evocations
 11686 | Vaults:5 | Reached XP level 20. HP: 156/156 MP: 14/37
 11705 | Vaults:5 | Bought a potion of invisibility for 104 gold pieces
 11705 | Vaults:5 | Bought a potion of curing for 39 gold pieces
 11705 | Vaults:5 | Bought a potion of brilliance for 52 gold pieces
 11705 | Vaults:5 | Bought a potion of curing for 39 gold pieces
 11705 | Vaults:5 | Bought a potion of flight for 39 gold pieces
 11705 | Vaults:5 | Bought a potion of might for 52 gold pieces
 11705 | Vaults:5 | Bought a potion of cancellation for 104 gold pieces
 11751 | Vaults:5 | Reached skill level 13 in Summonings
 11776 | Vaults:5 | Identified the +6 lajatang "Impbane" {venom, rPois rC++
                  | Int-4 Stlth+}
 11881 | Vaults:5 | Reached skill level 14 in Spellcasting
 11889 | Vaults:5 | Identified the ring "Tadon" {MP+9 SInv} (You found it on
                  | level 5 of the Vaults)
 11896 | Vaults:5 | Got a silver rune of Zot
 11998 | Vaults:5 | Noticed an ancient lich
 12003 | Vaults:5 | Reached skill level 14 in Dodging
 12012 | Vaults:5 | Killed an ancient lich
 12014 | Vaults:5 | Reached skill level 14 in Stealth
 12034 | Vaults:5 | Identified the +9 trident "Duesacs" {antimagic, rElec} (You
                  | found it on level 5 of the Vaults)
 12094 | Vaults:5 | Found the +2 shield of Resistance {rF+ rC+ MR+}
 12095 | Vaults:5 | Identified the Guide on Sinister Snow
 12114 | Vaults:5 | Identified the Guide on the Scorching Escort
 12182 | Vaults:4 | Reached XP level 21. HP: 163/163 MP: 29/39
 12279 | Vaults:2 | Found a basalt altar of Yredelemnul.
 12279 | Vaults:2 | Found a staircase to the Crypt.
 12279 | Vaults:2 | Found an ancient bone altar of Kikubaaqudgha.
 12293 | Crypt:1  | Entered Level 1 of the Crypt
 12519 | Crypt:3  | Entered Level 3 of the Crypt
 12600 | Crypt:3  | Noticed a bone dragon
 12603 | Crypt:3  | Reached skill level 12 in Conjurations
 12603 | Crypt:3  | Reached skill level 12 in Hexes
 12603 | Crypt:3  | Reached skill level 12 in Charms
 12603 | Crypt:3  | Reached skill level 12 in Necromancy
 12603 | Crypt:3  | Reached skill level 12 in Translocations
 12603 | Crypt:3  | Reached skill level 12 in Transmutations
 12603 | Crypt:3  | Reached skill level 12 in Fire Magic
 12603 | Crypt:3  | Reached skill level 12 in Ice Magic
 12603 | Crypt:3  | Reached skill level 12 in Air Magic
 12603 | Crypt:3  | Reached skill level 12 in Earth Magic
 12603 | Crypt:3  | Reached skill level 12 in Poison Magic
 12603 | Crypt:3  | Reached skill level 15 in Invocations
 12612 | Crypt:3  | Killed a bone dragon
 12660 | Crypt:3  | Reached skill level 14 in Fighting
 12660 | Crypt:3  | Reached skill level 14 in Short Blades
 12660 | Crypt:3  | Reached skill level 14 in Long Blades
 12660 | Crypt:3  | Reached skill level 14 in Axes
 12660 | Crypt:3  | Reached skill level 14 in Maces & Flails
 12660 | Crypt:3  | Reached skill level 14 in Polearms
 12660 | Crypt:3  | Reached skill level 14 in Staves
 12660 | Crypt:3  | Reached skill level 14 in Slings
 12660 | Crypt:3  | Reached skill level 14 in Bows
 12660 | Crypt:3  | Reached skill level 14 in Crossbows
 12660 | Crypt:3  | Reached skill level 14 in Throwing
 12660 | Crypt:3  | Reached skill level 14 in Armour
 12660 | Crypt:3  | Reached skill level 14 in Shields
 12660 | Crypt:3  | Reached skill level 14 in Unarmed Combat
 12660 | Crypt:3  | Reached skill level 14 in Evocations
 12675 | Crypt:3  | Identified the Guide on Black Magic
 12677 | Crypt:3  | Identified the Compendium of Frigorific Shape Shifting
 12716 | Crypt:3  | Noticed an ancient lich
 12731 | Crypt:3  | Gained mutation: You evolve. [a cacodemon]
 12736 | Crypt:3  | Killed an ancient lich
 12778 | Crypt:3  | Learned a level 5 spell: Aura of Abjuration
 12826 | Crypt:3  | Found a staircase to the Tomb.
 12831 | Tomb:1   | Entered Level 1 of the Tomb of the Ancients
 12893 | Tomb:1   | Reached XP level 22. HP: 172/172 MP: 30/40
 12963 | Tomb:1   | Noticed a greater mummy
 12978 | Tomb:1   | Killed a greater mummy
 13061 | Tomb:1   | Reached skill level 15 in Spellcasting
 13239 | Tomb:1   | Learned a level 2 spell: Blink
 13263 | Tomb:2   | Reached skill level 15 in Dodging
 13270 | Tomb:2   | Reached skill level 14 in Summonings
 13353 | Tomb:2   | Learned a level 8 spell: Death's Door
 13368 | Tomb:3   | Entered Level 3 of the Tomb of the Ancients
 13379 | Tomb:3   | Reached skill level 15 in Stealth
 13381 | Tomb:3   | Noticed a greater mummy
 13381 | Tomb:3   | Noticed a greater mummy
 13384 | Tomb:3   | Noticed a greater mummy
 13392 | Tomb:3   | Killed a greater mummy
 13393 | Tomb:3   | Noticed an ancient lich
 13396 | Tomb:3   | Killed a greater mummy
 13400 | Tomb:3   | Noticed a greater mummy
 13403 | Tomb:3   | Noticed a greater mummy
 13410 | Tomb:3   | Killed an ancient lich
 13410 | Tomb:3   | Reached XP level 23. HP: 11/179 MP: 19/42
 13413 | Tomb:3   | Killed a greater mummy
 13484 | Tomb:3   | Noticed a greater mummy
 13487 | Tomb:3   | Killed a greater mummy
 13488 | Tomb:3   | Noticed a greater mummy
 13488 | Tomb:3   | Noticed a greater mummy
 13488 | Tomb:3   | Noticed Khufu
 13489 | Tomb:3   | Noticed a greater mummy
 13493 | Tomb:3   | Reached skill level 16 in Invocations
 13493 | Tomb:3   | Killed a greater mummy
 13493 | Tomb:3   | Killed a greater mummy
 13497 | Tomb:3   | Killed a greater mummy
 13498 | Tomb:3   | Killed Khufu
 13499 | Tomb:3   | Killed a greater mummy
 13499 | Tomb:3   | Reached skill level 15 in Fighting
 13499 | Tomb:3   | Reached skill level 15 in Short Blades
 13499 | Tomb:3   | Reached skill level 15 in Long Blades
 13499 | Tomb:3   | Reached skill level 15 in Axes
 13499 | Tomb:3   | Reached skill level 15 in Maces & Flails
 13499 | Tomb:3   | Reached skill level 15 in Polearms
 13499 | Tomb:3   | Reached skill level 15 in Staves
 13499 | Tomb:3   | Reached skill level 15 in Slings
 13499 | Tomb:3   | Reached skill level 15 in Bows
 13499 | Tomb:3   | Reached skill level 15 in Crossbows
 13499 | Tomb:3   | Reached skill level 15 in Throwing
 13499 | Tomb:3   | Reached skill level 15 in Armour
 13499 | Tomb:3   | Reached skill level 15 in Shields
 13499 | Tomb:3   | Reached skill level 15 in Unarmed Combat
 13499 | Tomb:3   | Reached skill level 15 in Evocations
 13504 | Tomb:3   | Killed a greater mummy
 13517 | Tomb:3   | Found the +9 heavy crossbow "Sniper" {velocity, Acc+∞ SInv}
 13531 | Tomb:3   | Identified Don Uny's Reference Book on Battle Magic and the
                  | Snowflakes
 13555 | Tomb:3   | Identified the ring of Gejasina {+Fly rElec rF+ MR-} (You
                  | found it on level 3 of the Tomb of the Ancients)
 13603 | Tomb:3   | Got a golden rune of Zot
 13650 | Tomb:2   | Noticed an ancient lich
 13651 | Tomb:2   | Noticed a greater mummy
 13655 | Tomb:2   | Reached skill level 13 in Conjurations
 13655 | Tomb:2   | Reached skill level 13 in Hexes
 13655 | Tomb:2   | Reached skill level 13 in Charms
 13655 | Tomb:2   | Reached skill level 13 in Necromancy
 13655 | Tomb:2   | Reached skill level 13 in Translocations
 13655 | Tomb:2   | Reached skill level 13 in Transmutations
 13655 | Tomb:2   | Reached skill level 13 in Fire Magic
 13655 | Tomb:2   | Reached skill level 13 in Ice Magic
 13655 | Tomb:2   | Reached skill level 13 in Air Magic
 13655 | Tomb:2   | Reached skill level 13 in Earth Magic
 13655 | Tomb:2   | Reached skill level 13 in Poison Magic
 13660 | Tomb:2   | Noticed a greater mummy
 13665 | Tomb:2   | Killed an ancient lich
 13677 | Tomb:2   | Noticed a greater mummy
 13689 | Tomb:2   | Killed from afar by a greater mummy

Vault maps used:
D:1:      dpeg_arrival_rooms_b, hangedman_abyss_or_decor_stabs, corner_web_ring,
          kennysheep_small_spiral, tso_altar
D:2:      uniq_sigmund
D:3:      minmay_chambers_of_twos, first_ration, grunt_qazlal_clouds
D:4:      minmay_temple_entry_statues, okawaru_gym_becter, uniq_blork_the_orc
D:5:      nicolae_overflow_hidden_temple, chequers_serial_rivers_room_a
D:6:      nemelex_xobeh_ov_fountains_minmay, basic_altar,
          nicolae_ossuary_entry_giza, uniq_prince_ribbit1
D:7:      uniq_duvessa
D:8:      nicolae_ru_great_annihilating_truth, lemuel_coloured_pillars_altar,
          uniq_pikel
D:10:     zombieorc2_lemuel, hangedman_fish_farm
D:11:     grunt_lair_entry_orc_guard_hut
D:12:     gammafunk_ghost_cemetery, minmay_misc_feat_rugged
D:13:     serial_ice, serial_ice_f, serial_ice_j, serial_ice_d, serial_ice_e,
          uniq_azrael, uniq_erolcha
D:14:     grunt_vaults_entry_tiered, gauntlet_entry_generic, dk_noncrumbling_4,
          grunt_ministairs_3, minmay_guarded_unrand_vampires_tooth
D:15:     grunt_enter_depths_hoard, chequers_garden, serial_shops,
          nicolae_shop_waterfront, shop, shop, shop, basic_altar,
          fedhas_bush_and_centaur_altar
Temple:   hc_temple_tempest_star
Lair:1:   chequers_serial_rivers_micro_d, disabler_island
Lair:2:   serial_bayou_pond_b, st_stairs_11, lemuel_fruit_tree, uniq_gastronok
Lair:3:   grunt_megastairs_1, lemuel_fruit_fields, serial_bayou_shore_a
Lair:4:   minmay_shoals_entry_beasts, minmay_snake_entry_six_corridors,
          serial_rivers, chequers_serial_rivers_micro_a,
          chequers_serial_rivers_room_b, chequers_serial_rivers_micro_a,
          chequers_serial_rivers_large_b, cheibrodos_lair_caveside_slide,
          st_stairs_5, zaba_anthole, lemuel_fruit_fields, uniq_rupert
Lair:5:   patterned_corridor, infiniplex_staircase_pool
Lair:6:   guppyfry_lair_end_dragon, wormcave, minmay_slime_entry_jelly_boxes
Shoals:1: nicolae_island_escapes
Shoals:4: shoals_end_grunt_ice
Snake:1:  uniq_asterion, uniq_roxanne
Snake:2:  serial_shops, shop, hangedman_feature_mirror, hangedman_snake_pattern,
          minmay_shop_grove, uniq_louise
Snake:4:  grunt_snake_rune_pools, nicolae_coiled_stairwell_up,
          grunt_megastairs_3, uniq_vashnia
Orc:2:    st_orc_town, portal_ice_cave_entry_ice_beasts
Vaults:1: vaults_dpeg_diagonal, v_rooms_1, v_misc_8, ontoclasm_vaults_ligature,
          vaults_dpeg_spiral, vaults_room_pools, ontoclasm_vaults_bender,
          nicolae_vaults_little_squares_4, v_rooms_4,
          ontoclasm_vaults_decontamination, nicolae_vaults_three_branches,
          nicolae_vaults_what_the_h, nicolae_vaults_shelves_hall, serial_shops,
          nicolae_shop_temple_entry_statues_fountains
Vaults:2: hangedman_vaults_river_flow, ontoclasm_vaults_gateway,
          nicolae_vaults_angled_halls, grunt_vaults_diagonal,
          vaults_mumra_hexcomb, v_misc_8, dpeg_vaults_monster_box,
          nicolae_vaults_circle_grid_a, minmay_crypt_entry_necro_gods,
          vaults_standard_mumra_lines, ontoclasm_vaults_loading_screen
Vaults:3: nicolae_vaults_network_barrier, grunt_vaults_hallway_short,
          hangedman_vaults_cutoff, grunt_vaults_funnel, nicolae_vaults_alarming,
          vaults_room_fancy_cross, vaults_room_octagon,
          nicolae_vaults_network_square, grunt_vaults_focal,
          hangedman_vaults_pinch, st_cells, ontoclasm_vaults_pinch,
          vaults_dpeg_hooks, ontoclasm_vaults_ring_small
Vaults:4: nicolae_vaults_big_ls, v_misc_17, vaults_mumra_chevron_long,
          nicolae_vaults_angled_halls, vaults_room_large_hall,
          vaults_room_stairs_pillars, grunt_vaults_hallway_short,
          hangedman_vaults_impose, vaults_dpeg_encased_lava, v_misc_17,
          vaults_room_door_hall, nicolae_vaults_network_s, v_misc_26,
          v_alt_pattern_2, vaults_mumra_lcd, ontoclasm_vaults_loading_screen,
          serial_shops, shop, uniq_mennas, uniq_margery, uniq_frederick
Crypt:1:  roderic_lattice_octagonal_star
Crypt:2:  nicolae_crypt_stairs_room, minivault_14
Crypt:3:  david_glass_crypt
Tomb:3:   uniq_khufu
Abyss:3:  doesnt_abyss_rune_brain_food
Abyss:4:  due_evilmike_abyss_rune_seething_liches,
          hangedman_abyss_feature_spike, evilmike_abyss_exit_chaos
Ossuary:  ossuary_boxes_badplayer
Gauntlet: gammafunk_gauntlet_hard_choice

Skill      XL: |  1  2  3  4  5  6  7  8  9 10 11 12 13 14 15 16 17 18 19 20 21 22 23 |
---------------+----------------------------------------------------------------------+-----
Spellcasting   | 5 6 7 8 9 10 11 12 13 14 15 | 15.7
Invocations    | 1 2 3 4 5 6 7 8 9 10 11 12 13 14 15 16 | 16.3
Fighting       | 1 2 3 4 5 6 7 8 9 10 11 12 13 14 15 | 15.1
Short Blades   | 1 2 3 4 5 6 7 8 9 10 11 12 13 14 15 | 15.1
Long Blades    | 1 2 3 4 5 6 7 8 9 10 11 12 13 14 15 | 15.1
Axes           | 1 2 3 4 5 6 7 8 9 10 11 12 13 14 15 | 15.1
Maces & Flails | 1 2 3 4 5 6 7 8 9 10 11 12 13 14 15 | 15.1
Polearms       | 1 2 3 4 5 6 7 8 9 10 11 12 13 14 15 | 15.1
Staves         | 1 2 3 4 5 6 7 8 9 10 11 12 13 14 15 | 15.1
Slings         | 1 2 3 4 5 6 7 8 9 10 11 12 13 14 15 | 15.1
Bows           | 1 2 3 4 5 6 7 8 9 10 11 12 13 14 15 | 15.1
Crossbows      | 1 2 3 4 5 6 7 8 9 10 11 12 13 14 15 | 15.1
Throwing       | 1 2 3 4 5 6 7 8 9 10 11 12 13 14 15 | 15.1
Armour         | 1 2 3 4 5 6 7 8 9 10 11 12 13 14 15 | 15.1
Shields        | 1 2 3 4 5 6 7 8 9 10 11 12 13 14 15 | 15.1
Unarmed Combat | 1 2 3 4 5 6 7 8 9 10 11 12 13 14 15 | 15.1
Evocations     | 1 2 3 4 5 6 7 8 9 10 11 12 13 14 15 | 15.1
Conjurations   | 1 2 3 4 5 6 7 8 9 10 11 12 13 | 13.0
Hexes          | 1 2 3 4 5 6 7 8 9 10 11 12 13 | 13.0
Charms         | 1 2 3 4 5 6 7 8 9 10 11 12 13 | 13.0
Necromancy     | 1 2 3 4 5 6 7 8 9 10 11 12 13 | 13.0
Translocations | 1 2 3 4 5 6 7 8 9 10 11 12 13 | 13.0
Transmutations | 1 2 3 4 5 6 7 8 9 10 11 12 13 | 13.0
Fire Magic     | 1 2 3 4 5 6 7 8 9 10 11 12 13 | 13.0
Ice Magic      | 1 2 3 4 5 6 7 8 9 10 11 12 13 | 13.0
Air Magic      | 1 2 3 4 5 6 7 8 9 10 11 12 13 | 13.0
Earth Magic    | 1 2 3 4 5 6 7 8 9 10 11 12 13 | 13.0
Poison Magic   | 1 2 3 4 5 6 7 8 9 10 11 12 13 | 13.0
Dodging        | 5 6 7 8 9 10 11 12 13 14 15 | 15.6
Stealth        | 5 6 7 8 9 10 11 12 13 14 15 | 15.6
Summonings     | 8 9 10 11 12 13 14 | 14.5

Action                   |  1- 3 |  4- 6 |  7- 9 | 10-12 | 13-15 | 16-18 | 19-21 | 22-24 || total
-------------------------+-------+-------+-------+-------+-------+-------+-------+-------++-------
Melee: Unarmed           |    11 |       |       |    43 |   112 |     2 |       |       ||   168
       Whip              |    14 |    54 |    24 |       |       |       |       |       ||    92
       Bite              |     4 |     4 |    27 |    23 |    90 |   101 |    69 |    38 ||   356
       Short sword       |    15 |       |       |       |       |       |       |       ||    15
       Dagger            |       |       |   153 |   125 |   127 |       |       |       ||   405
       War axe           |       |       |    21 |       |       |       |       |       ||    21
       Punch             |       |       |     4 |     5 |    14 |       |       |       ||    23
       Rapier            |       |       |       |       |   155 |       |       |       ||   155
       Demon trident     |       |       |       |       |    78 |   558 |   391 |   176 ||  1203
Throw: Tomahawk          |     2 |     2 |    36 |    63 |    54 |    25 |     2 |       ||   184
 Cast: Summon Small Mamm |    24 |       |       |       |       |       |       |       ||    24
       Call Imp          |     6 |     2 |       |       |       |       |       |       ||     8
       Call Canine Famil |     1 |     5 |     1 |       |       |       |       |       ||     7
       Summon Lightning  |       |    11 |    45 |    33 |    45 |    32 |       |       ||   166
       Blade Hands       |       |       |       |    11 |    25 |       |       |       ||    36
       Regeneration      |       |       |       |     3 |    32 |    23 |    12 |    19 ||    89
       Animate Dead      |       |       |       |     2 |    23 |    17 |    12 |     6 ||    60
       Sticks to Snakes  |       |       |       |       |     8 |     4 |       |       ||    12
       Animate Skeleton  |       |       |       |       |    13 |     6 |       |       ||    19
       Apportation       |       |       |       |       |    39 |    52 |    39 |    20 ||   150
       Passage of Golubr |       |       |       |       |    34 |    49 |    26 |     8 ||   117
       Passwall          |       |       |       |       |    17 |    34 |       |       ||    51
       Spectral Weapon   |       |       |       |       |     8 |    53 |    35 |    20 ||   116
       Statue Form       |       |       |       |       |       |    22 |    27 |    15 ||    64
       Lee's Rapid Decon |       |       |       |       |       |     4 |       |       ||     4
       Borgnjor's Vile C |       |       |       |       |       |    23 |    55 |    12 ||    90
       Aura of Abjuratio |       |       |       |       |       |       |     1 |     2 ||     3
       Blink             |       |       |       |       |       |       |       |    12 ||    12
       Death's Door      |       |       |       |       |       |       |       |     4 ||     4
Invok: Slouch            |       |       |       |    10 |    16 |    12 |    14 |    18 ||    70
       Temporal Distorti |       |       |       |       |     4 |     4 |     1 |     1 ||    10
       Bend Time         |       |       |       |       |       |     1 |       |       ||     1
 Abil: End Transformatio |       |       |       |     3 |    16 |     1 |       |       ||    20
Evoke: Wand              |       |       |     3 |    23 |    24 |     4 |     8 |     6 ||    68
       Lightning rod     |       |       |       |       |       |     1 |     3 |       ||     4
       Lamp of fire      |       |       |       |       |       |     1 |       |     2 ||     3
       Phial of floods   |       |       |       |       |       |     1 |       |       ||     1
       Staff of energy   |       |       |       |       |       |     4 |     8 |       ||    12
       Box of beasts     |       |       |       |       |       |     1 |       |       ||     1
  Use: Scroll            |       |     8 |     4 |     8 |    15 |    29 |    17 |    22 ||   103
       Potion            |       |     4 |     2 |     2 |     9 |     9 |     1 |    10 ||    37
 Stab: Sleeping          |     1 |     1 |    17 |    10 |    18 |     9 |     1 |       ||    57
       Distracted        |       |       |     7 |     5 |    21 |    34 |    16 |     6 ||    89
       Paralysed         |       |       |     1 |       |     4 |       |       |       ||     5
       Confused          |       |       |       |       |     1 |       |       |       ||     1
  Eat: Chunk             |       |     2 |       |       |     1 |       |       |       ||     3
       Ration            |       |     1 |     3 |     2 |     3 |     4 |     2 |     3 ||    18
Armor: Robe              |    10 |    18 |    39 |    20 |    51 |       |       |       ||   138
       Skin              |       |       |       |       |    11 |    81 |   135 |   104 ||   331
       Leather armour    |       |       |       |       |    15 |    27 |       |       ||    42
       Ring mail         |       |       |       |       |       |     4 |     2 |     6 ||    12
Dodge: Dodged            |    40 |    48 |   138 |   135 |   368 |   351 |   422 |   331 ||  1833
Block: Other             |       |       |       |     1 |    28 |       |       |       ||    29
       Shield            |       |       |       |       |   451 |   583 |   598 |   386 ||  2018
       Reflection        |       |       |       |       |    49 |    70 |    19 |     3 ||   141

Table legend:
 A = Non-vault XP
 B = Vault XP
 C = Vault XP percentage of total XP
 D = Non-vault monster count
 E = Vault monster count
 F = Vault count percentage of total count
                 A         B        C        D         E       F
            +---------+---------+-------+---------+---------+-------
      Total |  306482 |  502858 |  62.1 |     898 |     694 |  43.6
            +---------+---------+-------+---------+---------+-------
        D:1 |       8 |       0 |   0.0 |       7 |       0 |   0.0
        D:2 |      25 |       0 |   0.0 |      12 |       0 |   0.0
        D:3 |      29 |      22 |  43.1 |      14 |       8 |  36.4
        D:4 |     102 |       0 |   0.0 |       7 |       0 |   0.0
        D:5 |     415 |       0 |   0.0 |      15 |       0 |   0.0
        D:6 |     309 |     228 |  42.5 |      14 |       4 |  22.2
        D:7 |     818 |     122 |  13.0 |      23 |       2 |   8.0
        D:8 |     462 |     340 |  42.4 |      20 |       5 |  20.0
        D:9 |     678 |       0 |   0.0 |      10 |       0 |   0.0
       D:10 |     121 |     963 |  88.8 |       2 |      37 |  94.9
       D:11 |    4463 |     495 |  10.0 |      32 |       4 |  11.1
       D:12 |    1280 |    1713 |  57.2 |      14 |       2 |  12.5
       D:13 |    5321 |    3089 |  36.7 |      29 |      13 |  31.0
       D:14 |    4878 |    8222 |  62.8 |      11 |      27 |  71.1
       D:15 |     307 |       0 |   0.0 |       1 |       0 |   0.0
     Lair:1 |      90 |     205 |  69.5 |       1 |       3 |  75.0
     Lair:2 |    5154 |    3022 |  37.0 |      19 |       7 |  26.9
     Lair:3 |    3706 |     428 |  10.4 |      21 |       2 |   8.7
     Lair:4 |    1294 |    5105 |  79.8 |       4 |      20 |  83.3
     Lair:5 |    2388 |       0 |   0.0 |      10 |       0 |   0.0
     Lair:6 |    7929 |   10254 |  56.4 |      34 |      44 |  56.4
   Shoals:1 |    7723 |       0 |   0.0 |      25 |       0 |   0.0
   Shoals:2 |    8813 |       0 |   0.0 |      27 |       0 |   0.0
   Shoals:3 |    5227 |       0 |   0.0 |      17 |       0 |   0.0
   Shoals:4 |   12545 |   19624 |  61.0 |      40 |      34 |  45.9
    Snake:1 |    6533 |    4140 |  38.8 |      16 |       2 |  11.1
    Snake:2 |   11395 |    1483 |  11.5 |      17 |       2 |  10.5
    Snake:3 |    9399 |       0 |   0.0 |      22 |       0 |   0.0
    Snake:4 |   15523 |   38905 |  71.5 |      36 |      65 |  64.4
    Slime:1 |    1572 |       0 |   0.0 |       6 |       0 |   0.0
    Slime:2 |    2209 |       0 |   0.0 |       7 |       0 |   0.0
    Slime:3 |    3679 |       0 |   0.0 |       7 |       0 |   0.0
    Slime:4 |    4916 |       0 |   0.0 |       9 |       0 |   0.0
    Slime:5 |   11041 |   24347 |  68.8 |      10 |      15 |  60.0
      Orc:1 |    5630 |       0 |   0.0 |      58 |       0 |   0.0
      Orc:2 |    6817 |    4681 |  40.7 |      35 |      56 |  61.5
   Vaults:1 |   11733 |    5520 |  32.0 |      20 |      13 |  39.4
   Vaults:2 |    7573 |   14584 |  65.8 |      11 |      23 |  67.6
   Vaults:3 |    6447 |    3636 |  36.1 |       7 |      12 |  63.2
   Vaults:4 |   10546 |    6518 |  38.2 |      14 |       9 |  39.1
   Vaults:5 |   23972 |  124858 |  83.9 |      37 |      83 |  69.2
    Crypt:1 |    3154 |       0 |   0.0 |       7 |       0 |   0.0
    Crypt:2 |   22279 |       0 |   0.0 |      33 |       0 |   0.0
    Crypt:3 |   18642 |   33036 |  63.9 |      24 |      14 |  36.8
     Tomb:1 |   23239 |   34717 |  59.9 |      43 |      30 |  41.1
     Tomb:2 |    3518 |   41625 |  92.2 |      19 |      45 |  70.3
     Tomb:3 |   16947 |   98900 |  85.4 |      41 |      62 |  60.2
    Abyss:3 |    1427 |       0 |   0.0 |       5 |       0 |   0.0
    Abyss:4 |    4206 |    6784 |  61.7 |       5 |      17 |  77.3
    Ossuary |       0 |     318 | 100.0 |       0 |      23 | 100.0
   Gauntlet |       0 |    4974 | 100.0 |       0 |      11 | 100.0
            +---------+---------+-------+---------+---------+-------

Table legend:
 A = Turns spent in this place as a percentage of turns spent in the entire game.
 B = Non-inter-level travel turns spent in this place as a percentage of non-inter-level travel turns spent in the entire game.
 C = Inter-level travel turns spent in this place as a percentage of turns spent in this place.
 D = Turns resting spent in this place as a percentage of non-inter-level travel turns spent in this place.
 E = Turns spent auto-exploring this place as a percentage of non-inter-level travel turns spent in this place.
 F = Non-inter-level travel turns spent in this place divided by the number of levels of this place that you've seen.
                   A       B       C       D       E      F
               +-------+-------+-------+-------+-------+----------------------
         Total | 100.0 | 100.0 |   2.0 |   0.0 |   0.0 | 258.0
       Dungeon |  26.7 |  26.0 |   4.5 |   0.0 |   0.0 | 232.5
        Temple |   0.8 |   0.6 |  23.2 |   0.0 |   0.0 |  86.0
          Lair |  15.4 |  15.7 |   0.0 |   0.0 |   0.0 | 352.0
        Shoals |  12.2 |  12.4 |   1.0 |   0.0 |   0.0 | 415.0
     Snake Pit |  11.3 |  11.5 |   0.0 |   0.0 |   0.0 | 386.8
    Slime Pits |   3.6 |   3.7 |   0.0 |   0.0 |   0.0 |  98.6
  Orcish Mines |   6.9 |   6.6 |   7.3 |   0.0 |   0.0 | 441.0
        Vaults |   9.6 |   9.8 |   0.0 |   0.0 |   0.0 | 264.0
         Crypt |   3.9 |   4.0 |   0.0 |   0.0 |   0.0 | 179.3
          Tomb |   6.3 |   6.4 |   0.0 |   0.0 |   0.0 | 286.0
         Abyss |   1.0 |   1.1 |   0.0 |   0.0 |   0.0 |  71.5
       Ossuary |   1.2 |   1.2 |   0.0 |   0.0 |   0.0 | 164.0
      Gauntlet |   0.9 |   0.9 |   0.0 |   0.0 |   0.0 | 125.0
               +-------+-------+-------+-------+-------+----------------------

Table legend:
 A = Kills in this place as a percentage of kills in entire the game.
 B = Kills by you in this place as a percentage of kills by you in the entire game.
 C = Kills by friends in this place as a percentage of kills by friends in the entire game.
 D = Other kills in this place as a percentage of other kills in the entire game.
 E = Experience gained in this place as a percentage of experience gained in the entire game.
 F = Experience gained in this place divided by the number of levels of this place that you have seen.
                   A       B       C       D       E      F
               +-------+-------+-------+-------+-------+----------------------
         Total | 100.0 | 100.0 | 100.0 | 100.0 | 100.0 | 15564.2
       Dungeon |  19.7 |  15.7 |  30.5 |   9.1 |   4.3 | 2294.0
          Lair |  10.4 |  10.5 |  10.2 |   0.0 |   4.9 | 6595.8
        Shoals |   9.0 |   6.2 |  16.3 |  18.2 |   6.7 | 13483.0
     Snake Pit |  10.1 |   9.0 |  12.8 |   9.1 |  10.8 | 21844.5
    Slime Pits |   3.4 |   3.0 |   4.7 |   0.0 |   5.9 | 9552.8
  Orcish Mines |   9.4 |   7.5 |  14.7 |   0.0 |   2.1 | 8564.0
        Vaults |  14.4 |  18.6 |   2.1 |  54.5 |  26.6 | 43077.4
         Crypt |   4.9 |   6.5 |   0.7 |   0.0 |   9.5 | 25703.7
          Tomb |  15.1 |  19.2 |   4.2 |   9.1 |  27.1 | 72982.0
         Abyss |   1.7 |   2.3 |   0.0 |   0.0 |   1.5 | 6208.5
       Ossuary |   1.4 |   1.0 |   2.8 |   0.0 |   0.0 | 318.0
      Gauntlet |   0.7 |   0.5 |   1.2 |   0.0 |   0.6 | 4974.0
               +-------+-------+-------+-------+-------+----------------------

Vault maps used:
D:1:      dpeg_arrival_rooms_b, hangedman_abyss_or_decor_stabs, corner_web_ring,
          kennysheep_small_spiral, tso_altar
D:2:      uniq_sigmund
D:3:      minmay_chambers_of_twos, first_ration, grunt_qazlal_clouds
D:4:      minmay_temple_entry_statues, okawaru_gym_becter, uniq_blork_the_orc
D:5:      nicolae_overflow_hidden_temple, chequers_serial_rivers_room_a
D:6:      nemelex_xobeh_ov_fountains_minmay, basic_altar,
          nicolae_ossuary_entry_giza, uniq_prince_ribbit1
D:7:      uniq_duvessa
D:8:      nicolae_ru_great_annihilating_truth, lemuel_coloured_pillars_altar,
          uniq_pikel
D:10:     zombieorc2_lemuel, hangedman_fish_farm
D:11:     grunt_lair_entry_orc_guard_hut
D:12:     gammafunk_ghost_cemetery, minmay_misc_feat_rugged
D:13:     serial_ice, serial_ice_f, serial_ice_j, serial_ice_d, serial_ice_e,
          uniq_azrael, uniq_erolcha
D:14:     grunt_vaults_entry_tiered, gauntlet_entry_generic, dk_noncrumbling_4,
          grunt_ministairs_3, minmay_guarded_unrand_vampires_tooth
D:15:     grunt_enter_depths_hoard, chequers_garden, serial_shops,
          nicolae_shop_waterfront, shop, shop, shop, basic_altar,
          fedhas_bush_and_centaur_altar
Temple:   hc_temple_tempest_star
Lair:1:   chequers_serial_rivers_micro_d, disabler_island
Lair:2:   serial_bayou_pond_b, st_stairs_11, lemuel_fruit_tree, uniq_gastronok
Lair:3:   grunt_megastairs_1, lemuel_fruit_fields, serial_bayou_shore_a
Lair:4:   minmay_shoals_entry_beasts, minmay_snake_entry_six_corridors,
          serial_rivers, chequers_serial_rivers_micro_a,
          chequers_serial_rivers_room_b, chequers_serial_rivers_micro_a,
          chequers_serial_rivers_large_b, cheibrodos_lair_caveside_slide,
          st_stairs_5, zaba_anthole, lemuel_fruit_fields, uniq_rupert
Lair:5:   patterned_corridor, infiniplex_staircase_pool
Lair:6:   guppyfry_lair_end_dragon, wormcave, minmay_slime_entry_jelly_boxes
Shoals:1: nicolae_island_escapes
Shoals:4: shoals_end_grunt_ice
Snake:1:  uniq_asterion, uniq_roxanne
Snake:2:  serial_shops, shop, hangedman_feature_mirror, hangedman_snake_pattern,
          minmay_shop_grove, uniq_louise
Snake:4:  grunt_snake_rune_pools, nicolae_coiled_stairwell_up,
          grunt_megastairs_3, uniq_vashnia
Orc:2:    st_orc_town, portal_ice_cave_entry_ice_beasts
Vaults:1: vaults_dpeg_diagonal, v_rooms_1, v_misc_8, ontoclasm_vaults_ligature,
          vaults_dpeg_spiral, vaults_room_pools, ontoclasm_vaults_bender,
          nicolae_vaults_little_squares_4, v_rooms_4,
          ontoclasm_vaults_decontamination, nicolae_vaults_three_branches,
          nicolae_vaults_what_the_h, nicolae_vaults_shelves_hall, serial_shops,
          nicolae_shop_temple_entry_statues_fountains
Vaults:2: hangedman_vaults_river_flow, ontoclasm_vaults_gateway,
          nicolae_vaults_angled_halls, grunt_vaults_diagonal,
          vaults_mumra_hexcomb, v_misc_8, dpeg_vaults_monster_box,
          nicolae_vaults_circle_grid_a, minmay_crypt_entry_necro_gods,
          vaults_standard_mumra_lines, ontoclasm_vaults_loading_screen
Vaults:3: nicolae_vaults_network_barrier, grunt_vaults_hallway_short,
          hangedman_vaults_cutoff, grunt_vaults_funnel, nicolae_vaults_alarming,
          vaults_room_fancy_cross, vaults_room_octagon,
          nicolae_vaults_network_square, grunt_vaults_focal,
          hangedman_vaults_pinch, st_cells, ontoclasm_vaults_pinch,
          vaults_dpeg_hooks, ontoclasm_vaults_ring_small
Vaults:4: nicolae_vaults_big_ls, v_misc_17, vaults_mumra_chevron_long,
          nicolae_vaults_angled_halls, vaults_room_large_hall,
          vaults_room_stairs_pillars, grunt_vaults_hallway_short,
          hangedman_vaults_impose, vaults_dpeg_encased_lava, v_misc_17,
          vaults_room_door_hall, nicolae_vaults_network_s, v_misc_26,
          v_alt_pattern_2, vaults_mumra_lcd, ontoclasm_vaults_loading_screen,
          serial_shops, shop, uniq_mennas, uniq_margery, uniq_frederick
Crypt:1:  roderic_lattice_octagonal_star
Crypt:2:  nicolae_crypt_stairs_room, minivault_14
Crypt:3:  david_glass_crypt
Tomb:3:   uniq_khufu
Abyss:3:  doesnt_abyss_rune_brain_food
Abyss:4:  due_evilmike_abyss_rune_seething_liches,
          hangedman_abyss_feature_spike, evilmike_abyss_exit_chaos
Ossuary:  ossuary_boxes_badplayer
Gauntlet: gammafunk_gauntlet_hard_choice
